Workbook
Name 汚泥処理能力: #REF!
Name 割増対象賃金比: #REF!
Name 割増対象賃金比: #REF!
Name 割増対象賃金比: #REF!
Name 基準人数: #REF!
Name 契約期間: #REF!
Name 契約期間: #REF!
Name 契約期間: #REF!
Name 現在流入水量: #REF!
Name 主ポンプ能力: #REF!
Name 水処理能力: #REF!
Name 設備補正率: #REF!
Name 全体計画能力: #REF!
Name 電工単価: #REF!
Name 日数補正係数: #REF!
Name 日数補正後基準人数: #REF!
Name 保守点検勤務日数: #REF!

Sheet 説明資料（入力シート１）
B2: 業務委託費積算要領ソフト入力シート
H3: =NOW() -> 46298.675
B4: 発注者名 | C4: 高島市 | G4: 基準日 | H4: 45748
B5: 施設名称 | C5: 高島市水道 | G5: 会社名 | H5: 日本ﾒﾝﾃﾅｽｴﾝｼﾞﾆﾔﾘﾝｸﾞ株式会社
B6: 件 名 | C6: 高島市水道施設維持管理業務
B7: 契約年度 | D7: 令和 | E7: 8 | F7: 年度 | G7: 部 署 | H7: 滋賀支店
B8: 契約期間 | C8: 3年 | G8: 作成者 | H8: 小山伸二
B10: （１）運転管理業務
B11: 基準単価
B12: 対象地域
B13: 労 務 単 価 | D13: 日割基礎単価 | F13: 割増基礎単価率 | S13: 北海道 平成３１年度単価
B14: 保全技師Ⅰ | D14: 27900 | E14: 円/日 | F14: 9.4 | G14: ％ | S14: 北海道 平成３０年度単価
B15: 保全技師Ⅱ | D15: 26300 | E15: 円/日 | F15: 9.6 | G15: ％ | S15: 北海道 平成２９年度単価
B16: 保全技師補 | D16: 23400 | E16: 円/日 | F16: 9.2 | G16: ％ | S16: 北海道 平成２８年度単価
B17: 保全技術員 | D17: 22300 | E17: 円/日 | F17: 10 | G17: ％ | S17: 北海道 平成２７年度単価
B18: 保全技術員補 | D18: 19300 | E18: 円/日 | F18: 10.4 | G18: ％ | S18: 宮城 平成３１年度単価
S19: 宮城 平成３０年度単価
B20: 基準日数、勤務時間、人員数、深夜勤務時間、夜間勤務時間 | S20: 宮城 平成２９年度単価
B21: 業 務 内 容 | D21: 勤 務 日 数 | F21: 勤 務 時 間 | H21: 人 員 数 | S21: 宮城 平成２８年度単価
B22: 運転管理業務 | D22: 365 | E22: 日/年 | F22: 8 | G22: 時間/日 | H22: 2 | I22: 名 | S22: 宮城 平成２７年度単価
D23: 深夜勤務時間 ※１ | F23: 夜間勤務時間 ※２ | S23: 東京 平成３１年度単価
D24: 7 | E24: 時間 | F24: 16 | G24: 時間 | H24: ※１ 22～5時までの時間 | S24: 東京 平成３０年度単価
H25: ※２ 日勤（9～17時）以外の勤務時間 | S25: 東京 平成２９年度単価
B26: 処理方式による補正 | S26: 東京 平成２８年度単価
B27: 処 理 方 式 | H27: 有・無 | I27: 補 正 率 | S27: 東京 平成２７年度単価
B28: ・高度浄水処理方式 | H28: 有 | I28: =IF(H28="有",0.2,"") -> 0.2 | K28: =IF(SUM(I28:J31)>0.2,0.2,IF(SUM(I28:J31)<0.1,0,SUM(I28:J31))) -> 0.2 | S28: 新潟 平成３１年度単価
B29: ・膜ろ過方式 ・凝集沈澱ろ過方式 | H29: 有（２つ以上） | I29: =IF(H29="有（１つ）",0.15,IF(H29="有（２つ以上）",0.2,"")) -> 0.2 | S29: 新潟 平成３０年度単価
B30: ・除鉄・除マンガン設備、脱酸設備等による浄水処理方式 | H30: 有（２つ以上） | I30: =IF(H30="有（１つ）",0.15,IF(H30="有（２つ以上）",0.2,"")) -> 0.2 | S30: 新潟 平成２９年度単価
B31: ・消毒のみの浄水処理方式 ・紫外線処理施設 | S31: 新潟 平成２８年度単価
B32: 水 運 用 | H32: 有 | I32: =IF(H32="有",0.05,"") -> 0.05 | K32: =IF(I32="","0",I32) -> 0.05 | S32: 新潟 平成２７年度単価
B33: ・取水、配水施設が多いなど、水運用に高度な技術を要する場合 | S33: 愛知 平成３１年度単価
S34: 愛知 平成３０年度単価
B35: 技術維持向上費補正 | S35: 愛知 平成２９年度単価
B36: 項 目 | H36: 有・無 | I36: 補 正 率 | S36: 愛知 平成２８年度単価
B37: 技術士（上下水道部門）、水道浄水施設管理技士１級 | H37: 無 | I37: =IF(H37="有（１つ）",0.03,IF(H37="有（２つ以上）",0.05,"")) | K37: =IF(SUM(I37:J41)>0.05,0.05,IF(SUM(I37:J41)<0.01,0,SUM(I37:J41))) -> 0.02 | S37: 愛知 平成２７年度単価
B38: 水道浄水施設管理技士２級、電気主任技術者 | H38: 有（１つ） | I38: =IF(H38="有（１つ）",0.02,IF(H38="有（２つ以上）",0.04,"")) -> 0.02 | S38: 大阪 平成３１年度単価
B39: 水道浄水施設管理技士３級、酸素欠乏・硫化水素危険作業主任者 電気工事士、特定化学物質作業主任者、危険物取扱者、ボイラー技士 玉掛技能者、エネルギー管理士等 | I39: =IF(H39="有（１つ）",0.01,IF(H39="有（２つ）",0.02,IF(H39="有（３つ）",0.03,IF(H39="有（４つ）",0.04,IF(H39="有（５つ以上）",0.05,""))))) | S39: 大阪 平成３０年度単価
S40: 大阪 平成２９年度単価
S41: 大阪 平成２８年度単価
S42: 大阪 平成２７年度単価
S43: 広島 平成３１年度単価
B44: （２）保全管理業務 | S44: 広島 平成３０年度単価
B45: 基準単価は（１）運転管理業務の基準単価に準拠する | S45: 広島 平成２９年度単価
S46: 広島 平成２８年度単価
B47: 保全管理対象施設 | S47: 広島 平成２７年度単価
B48: 施設名 | D48: 浄水場 | F48: 2 | H48: 3 | J48: 4 | L48: 5 | N48: 6 | P48: 7 | S48: 香川 平成３１年度単価
B49: 経過年数（年） | D49: ５年以下 | S49: 香川 平成３０年度単価
B50: 移動時間（往復、分） | D50: 60 | S50: 香川 平成２９年度単価
B51: 定期点検（年回） | D51: 12 | S51: 香川 平成２８年度単価
B52: 定期点検人数（人） | D52: 2 | S52: 香川 平成２７年度単価
B53: 日常点検（年回） | D53: 52 | S53: 福岡 平成３１年度単価
B54: 日常点検人数（人） | D54: 1 | S54: 福岡 平成３０年度単価
B55: 日常点検の危険個所補正 | D55: 有 | S55: 福岡 平成２９年度単価
B56: 移動開始場所 | D56: 浄水場 | S56: 福岡 平成２８年度単価
D57: 各機器点数 | E57: 危険箇所補正 | F57: 各機器点数 | G57: 危険箇所補正 | H57: 各機器点数 | I57: 危険箇所補正 | J57: 各機器点数 | K57: 危険箇所補正 | L57: 各機器点数 | M57: 危険箇所補正 | N57: 各機器点数 | O57: 危険箇所補正 | P57: 各機器点数 | Q57: 危険箇所補正 | S57: 福岡 平成２７年度単価
B58: 受変電設備（面） | S58: 沖縄 平成３１年度単価
B59: 配電設備（面） | S59: 沖縄 平成３０年度単価
B60: 自家発設備（高圧）（組） | S60: 沖縄 平成２９年度単価
B61: 自家発設備（低圧）（組） | S61: 沖縄 平成２８年度単価
B62: 直流電源設備（面） | D62: 2 | S62: 沖縄 平成２７年度単価
B63: 小型無停電電源装置（組） | S63: 手入力
B64: 監視制御装置（面）
B65: データ処理設備（面）
B66: 計装機器（台） | D66: 8 | E66: 錯綜場所作業
B67: 遠隔監視設備（面）
B68: 取水設備（台）
B69: ポンプ設備（台） | D69: 4 | E69: 高所又は地下作業
B70: 沈澱池設備（池）
B71: 急速ろ過設備（池）
B72: 膜ろ過設備（基）
B73: 排水・排泥池設備（台） | D73: 2
B74: 加圧脱水設備（台）
B75: 次亜塩素酸注入設備（台）
B76: 凝集剤注入設備（台） | D76: 2 | E76: 悪環境における作業
B77: 苛性ソーダ注入設備（台） | D77: 2 | E77: 悪環境における作業
B78: 粉末活性炭注入設備（台） | D78: 2 | E78: 悪環境における作業
B79: 外灯（基）
B80: 照明（か所） | D80: 20
B81: 空気調和機（台） | D81: 2
B83: 施設名 | D83: 8 | F83: 9 | H83: 10 | J83: 11 | L83: 12 | N83: 13 | P83: 14
B84: 経過年数（年）
B85: 移動時間（往復、分）
B86: 定期点検（年回）
B87: 定期点検人数（人）
B88: 日常点検（年回）
B89: 日常点検人数（人）
B90: 日常点検の危険個所補正
B91: 移動開始場所
D92: 各機器点数 | E92: 危険箇所補正 | F92: 各機器点数 | G92: 危険箇所補正 | H92: 各機器点数 | I92: 危険箇所補正 | J92: 各機器点数 | K92: 危険箇所補正 | L92: 各機器点数 | M92: 危険箇所補正 | N92: 各機器点数 | O92: 危険箇所補正 | P92: 各機器点数 | Q92: 危険箇所補正
B93: 受変電設備（面）
B94: 配電設備（面）
B95: 自家発設備（高圧）（組）
B96: 自家発設備（低圧）（組）
B97: 直流電源設備（面）
B98: 小型無停電電源装置（組）
B99: 監視制御装置（面）
B100: データ処理設備（面）
B101: 計装機器（台）
B102: 遠隔監視設備（面）
B103: 取水設備（台）
...

Sheet 説明資料（入力シート２）
B2: （２）保全管理業務費（日常・定期点検以外の点検等） | H2: ※金額は直接業務費のみを記入
B3: 例、自家用電気工作物保守点検、地下タンク機密点検、監視制御システム保守点検 等
B5: 種 目 | E5: 単 位 | F5: 数 量 | G5: 金 額 | I5: 備 考
B11: （３）その他業務費
B12: 例、水道用薬品等の調達事務業務 | G12: ※金額は直接業務費のみを記入
B14: 種 目 | E14: 単 位 | F14: 数 量 | G14: 金 額 | I14: 備 考
B20: （４）修繕補修費
B21: 例、ポンプ取替・ベアリング交換等 | G21: ※金額は直接業務費のみを記入
B23: 種 目 | E23: 単 位 | F23: 数 量 | G23: 金 額 | I23: 備 考
B29: （５）直接経費（積上げ分）
B30: 例、点検用車両等
B32: 種 目 | E32: 単 位 | F32: 数 量 | G32: 金 額 | I32: 備 考
B37: （６）薬品調達業務
B38: 例、次亜塩素酸ナトリウム・軽油・電力等
B40: 種 目 | E40: 単 位 | F40: 数 量 | G40: 単 価 | I40: 金 額
I41: =F41*G41 -> 0
I42: =F42*G42 -> 0
I43: =F43*G43 -> 0
I44: =F44*G44 -> 0
I45: =F45*G45 -> 0
I46: =F46*G46 -> 0
I47: =F47*G47 -> 0
I48: =F48*G48 -> 0
B50: （７）関連業務委託費
B51: 例、除雪作業・電話交換設備保守点検等 | G51: ※金額は経費を含む金額を記入
B53: 種 目 | E53: 単 位 | F53: 数 量 | G53: 金 額 | I53: 備 考

Sheet 内訳表
B2: 業務委託費内訳書（単年度）
B3: 費 目 | C3: 工 種 | D3: 種 別 | E3: 細 別 | F3: 単位 | G3: 数量 | H3: 金 額 | I3: 摘 要
B4: 業務委託費
D5: 技術管理費
E6: 水道技術管理費 | F6: 式 | G6: 1
E7: 事務業務費 | F7: 式 | G7: 1
E8: 小計
D9: 直接業務費
E10: 運転管理業務費（運転） | F10: 式 | G10: 1
E11: 運転管理業務費（監視） | F11: 式 | G11: 1
E12: 保全管理業務費 | F12: 式 | G12: 1
E13: その他業務費 | F13: 式 | G13: 1
E14: 小計
E15: 直接業務費計
D16: 直接経費 | E16: 率計上 | F16: 式 | G16: 1
E17: 積み上げ分 | F17: 式 | G17: 1
E18: 小計
D19: 技術経費 | E19: 管理技術費 | F19: 式 | G19: 1
E20: 技術維持向上費 | F20: 式 | G20: 1
E21: 運転管理・保全管理業務 | F21: 式 | G21: 1
E22: 小計 | F22: 式 | G22: 1
D23: 間接業務費 | F23: 式 | G23: 1
C25: 業務原価 | F25: 式 | G25: 1 | H25: =H15+H18+H22+H23 -> 0
D26: 諸経費 | F26: 式 | G26: 1
C28: 業務価格 | F28: 式 | G28: 1 | H28: =+H26+H25 -> 0 | I28: （単年度） 万円止め
C29: 消費税等相当額 | F29: 式 | G29: 1 | H29: =H28*0.1 -> 0 | I29: ="消費税等の税率＝" & 10 & "％" -> 消費税等の税率＝10％

Sheet 入力シート２
B2: （２）その他業務費
B3: 業務内容 | E3: 年間延業務人数（人）
B4: 定期点検別途積上げ業務
B5: =#REF! -> #REF!
B6: =#REF! -> #REF!
B7: その他の作業時間
B8: 計 | E8: =ROUNDDOWN(SUM(#REF!),0) -> #REF!
B10: 区分 | D10: 年間延業務人数(人) | F10: 技術者区分 | H10: 比率 | J10: 配置人数（人）
B11: その他業務員 | D11: =E8 -> #REF! | F11: 保全技師Ⅰ | H11: 10 | J11: =$D$11*H11% -> #REF!
F12: 保全技師Ⅱ | H12: 10 | J12: =$D$11*H12% -> #REF!
F13: 保全技師補 | H13: 20 | J13: =$D$11*H13% -> #REF!
F14: 保全技術員 | H14: 35 | J14: =$D$11*H14% -> #REF!
F15: 保全技術員補 | H15: 25 | J15: =$D$11*H15% -> #REF!
F16: 計 | H16: =SUM(H11:I15) -> 100 | J16: =SUM(J11:K15) -> #REF!
B19: （３）保全管理業務費（日常・定期点検以外の点検等） | H19: ※メーカー点検等の包括業務費
B20: 例、自家用電気工作物保守点検、地下タンク機密点検、監視制御システム保守点検 等
B22: 種 目 | E22: 単 位 | F22: 数 量 | G22: 金 額 | I22: 備 考
I23: 詳細はメーカ見積書
B29: 例、水道用薬品等の調達事務業務 | G29: ※金額は直接業務費のみを記入
B31: 種 目 | E31: 単 位 | F31: 数 量 | G31: 金 額 | I31: 備 考
B37: （４）修繕補修費
B38: 例、ポンプ取替・ベアリング交換等 | G38: ※金額は直接業務費のみを記入
B40: 種 目 | E40: 単 位 | F40: 数 量 | G40: 金 額 | I40: 備 考
B46: （５）直接経費（積上げ分）
B47: 例、点検用車両等
B49: 種 目 | E49: 単 位 | F49: 数 量 | G49: 金 額 | I49: 備 考
B50: 車両費 | E50: 式 | F50: 1 | G50: =I75 -> 2980700 | I50: 明細書1
B51: 残留塩素計 | C51: 残留塩素計 | D51: 残留塩素計 | E51: 台 | F51: 1 | G51: =M51/5 -> 14800 | M51: 74000 | N51: HACH2470 耐用年数5年 | T51: 5 | U51: hach
B52: 残留塩素測定用試薬 | C52: 残留塩素測定用試薬 | D52: 残留塩素測定用試薬 | E52: 袋 | F52: 10 | G52: 3800 | M52: 3800 | N52: 104回×3施設＋52回×38施設＝2,288 365×41箇所＝14,965 2,288＋14,965＝17,253 24検体×1回
B53: 携帯用濁色計 | C53: 携帯用濁色計 | D53: 携帯用濁色計 | E53: 台 | F53: 1 | G53: =M53/5 -> 29600 | M53: 148000 | N53: DTC-4DG 耐用年数５年 | T53: 5 | U53: DTC-4DG
B54: 携帯用pH計 | C54: 携帯用pH計 | D54: 携帯用pH計 | E54: 台 | F54: 1 | G54: =M54/3 -> 23333.333 | M54: 70000 | N54: HM-30P 耐用年数3年 | T54: 5
B55: 発電機 | C55: 発電機 | D55: 発電機 | E55: 台 | F55: 1 | G55: =M55/15 -> 15000 | M55: 225000 | N55: 3ｋVA＠×日 | T55: 15 | U55: 10～20万？
B56: ガソリン | C56: ガソリン | D56: ガソリン | E56: L | F56: 100 | G56: 165
B57: エンジンポンプ | C57: エンジンポンプ | D57: エンジンポンプ | E57: 台 | F57: 1 | G57: 5000 | N57: SEV-25F（25㎜） 耐用年数5年 | T57: 3
B58: ホース | C58: ホース | D58: ホース | E58: 台 | F58: 1 | G58: 5460 | M58: 148000 | N58: TR-15（15ｍ）×2 耐用年数5年 | T58: 3 | U58: DTC-4DG
B59: 水中ポンプ | C59: 水中ポンプ | D59: 水中ポンプ | E59: 本 | F59: 1 | G59: 9600 | N59: 吐出量 50L/min 耐用年数5年 | T59: 3
B60: SS分析費 | E60: 検体 | F60: =24*2 -> 48 | G60: =48*2200 -> 105600 | I60: 48検体×2,200円
B61: SS検体搬送料
B69: １号明細書
B70: 費目 | D70: 形状・寸法 | F70: 単位 | G70: 数量 | H70: 単価 | I70: 金額 | J70: 摘要
B71: 車両損料 | D71: 車両1日あたり （ライトバン1500㏄） | F71: 台 | G71: =#REF! -> #REF! | H71: 1650 | I71: =ROUNDDOWN(G71*H71,0) -> #REF! | J71: 4台×365日
B72: 車両損料 | D72: 運転1時間当り （ライトバン1500㏄） | F72: 時間 | G72: =#REF! -> #REF! | H72: 543 | I72: =ROUNDDOWN(G72*H72,0) -> #REF! | J72: 総運転時間
B73: 燃料費 (軽貨物車/四駆) | D73: 移動時間×2.7L | F73: ℓ | G73: =G72*2.7 -> #REF! | H73: 165 | I73: =ROUNDDOWN(G73*H73,0) -> #REF! | J73: 移動時間×2.7ℓ×ｶﾞｿﾘﾝ単価
B74: 合 計 | I74: =SUM(I71:I73) -> #REF!
B75: 改め | I75: 2980700
B81: （６）薬品調達業務
B82: 例、次亜塩素酸ナトリウム・軽油・電力等
B84: 種 目 | E84: 単 位 | F84: 数 量 | G84: 単 価 | I84: 金 額
I85: =F85*G85 -> 0
I86: =F86*G86 -> 0
I87: =F87*G87 -> 0
I88: =F88*G88 -> 0
I89: =F89*G89 -> 0
I90: =F90*G90 -> 0
I91: =F91*G91 -> 0
I92: =F92*G92 -> 0
B94: （７）関連業務委託費
B95: 例、除雪作業・電話交換設備保守点検等 | G95: ※金額は経費を含む金額を記入
B97: 種 目 | E97: 単 位 | F97: 数 量 | G97: 金 額 | I97: 備 考

Sheet 施設別算定表
B1: ③ 保全管理業務費の積算
B2: ア 年間延べ人数（人） | G2: =ROUNDDOWN(G4/480,2) -> #REF! | H2: （人） | I2: ＋ | J2: =#REF! -> #REF! | K2: （人） | L2: ＝ | M2: =G2+J2 -> #REF!
B3: ＝ 年間総点検時間（分） ÷ 60（分） ÷ 所定労働時間
B4: 年間総点検時間 | G4: =ROUNDDOWN(SUM(F7,I7,L7),0) -> #REF! | H4: （分）
F6: 日常点検時間合計 | I6: 定期点検時間 | L6: 移動時間 | O6: =E6定期点検時間合計(分)*経過年数補正+移動時間(分) -> #NAME?
B7: ＝ | F7: =SUM(F469,F437,F1109,F1333,F533,F501,F565,F1141,F1301,F1365,F1429,F1493,F213,F245,F85,F117,F149,F181,F885,F917,F949,F309,F597,F629,F661,F693,F725,F1237,F1269,F1557,F1525,F1589,F1621,F1653,F1685,F1909,F1941,F1781,F1813,F2101,F2133,F2165,F1973,F2005,F1845,F1877,F1717,F1749,F2037,F2069,F341,F373,F405,F757,F789,F821,F853,F2261,F2645,F2325,F2549,F2613,F2197,F2229,F2293,F2389,F2485,F2581,F2357,F2453,F2421,F2517,F1397,F1461,F1173,F981,F1045,F2677,F2709,F2741,F1013,F1077,F1205,F277,F2774,F2806,F2838,F2870,F2902,F2934,F2966,F2998,F3030,F3062,F3094,F3126,F3158,F3190,F3222,F3254,F3286,F3318,F3350,F3382,F3414,F3446,F3478,F3510,F3542,F3574,F3606,F3638,F3670,F3702,F3734,F3766,F3798,F3830,F3862,F3894,F3926,F3958,F3990,F4022,F4054,F4086,F4118,F4150,F4182,F4214,F4246,F4278,F4310,F4342,F4374,F4406,F4438,F4470,F4502,F4534,F4566,F4598,F4630,F4662,F4694,F4726,F4758,F4790,F4822,F4854,F4886,F4918,F4950,F4982,F5014,F5046,F5078,F5110,F5142,F5174,F5206,F5238,F5270,F5302,F5334,F5366,F5398,F5430,F5462,F5494,F5526,F5558,F5590,F5622,F5654,F5686,F5718,F5750,F5782,F5814,F5846,F5878,F5910,F5942,F5974,F6006,F6038,F6070,F6102,F6134,F6166,F6198,F6230,F6262,F6294,F6326,F6358,F6390,F6422,F6454,F6486,F6518,F6550) -> #REF! | H7: （分）＋ | I7: =SUM(J469,J437,J1109,J1333,J533,J501,J565,J1141,J1301,J1365,J1429,J1493,J213,J245,J85,J117,J149,J181,J885,J917,J949,J309,J597,J629,J661,J693,J725,J1237,J1269,J1557,J1525,J1589,J1621,J1653,J1685,J1909,J1941,J1781,J1813,J2101,J2133,J2165,J1973,J2005,J1845,J1877,J1717,J1749,J2037,J2069,J341,J373,J405,J757,J789,J821,J853,J2261,J2645,J2325,J2549,J2613,J2197,J2229,J2293,J2389,J2485,J2581,J2357,J2453,J2421,J2517,J1397,J1461,J1173,J981,J1045,J2677,J2709,J2741,J1013,J1077,J1205,J277,J2774,J2806,J2838,J2870,J2902,J2934,J2966,J2998,J3030,J3062,J3094,J3126,J3158,J3190,J3222,J3254,J3286,J3318,J3350,J3382,J3414,J3446,J3478,J3510,J3542,J3574,J3606,J3638,J3670,J3702,J3734,J3766,J3798,J3830,J3862,J3894,J3926,J3958,J3990,J4022,J4054,J4086,J4118,J4150,J4182,J4214,J4246,J4278,J4310,J4342,J4374,J4406,J4438,J4470,J4502,J4534,J4566,J4598,J4630,J4662,J4694,J4726,J4758,J4790,J4822,J4854,J4886,J4918,J4950,J4982,J5014,J5046,J5078,J5110,J5142,J5174,J5206,J5238,J5270,J5302,J5334,J5366,J5398,J5430,J5462,J5494,J5526,J5558,J5590,J5622,J5654,J5686,J5718,J5750,J5782,J5814,J5846,J5878,J5910,J5942,J5974,J6006,J6038,J6070,J6102,J6134,J6166,J6198,J6230,J6262,J6294,J6326,J6358,J6390,J6422,J6454,J6486,J6518,J6550) -> #REF! | K7: （分）＋ | L7: =#REF! -> #REF! | M7: （分）
B12: イ 技術者別業務人数（人） | I12: 表－３
B13: ① | E13: 職種別業務人数
E14: 業務内容 | G14: ② | H14: ①×②
G15: 比 率 | H15: 計算値 | I15: 計上値
G16: (％) | H16: (人) | I16: (人)
B17: =M2 -> #REF! | E17: 保全技師Ⅰ | G17: 10 | H17: =$B$17*G17% -> #REF! | I17: =IF(H17<>"",ROUNDDOWN(H17,0),"") -> #REF!
E18: 保全技師Ⅱ | G18: 10 | H18: =$B$17*G18% -> #REF! | I18: =IF(H18<>"",ROUNDDOWN(H18,0),"") -> #REF!
E19: 保全技師補 | G19: 20 | H19: =$B$17*G19% -> #REF! | I19: =IF(H19<>"",ROUNDDOWN(H19,0),"") -> #REF!
E20: 保全技術員 | G20: =35 -> 35 | H20: =$B$17*G20% -> #REF! | I20: =IF(H20<>"",ROUNDDOWN(H20,0),"") -> #REF!
E21: 保全技術員補 | G21: 25 | H21: =$B$17*G21% -> #REF! | I21: =IF(H21<>"",ROUNDDOWN(H21,0),"") -> #REF!
E22: そ の 他 | G22: ="--" -> -- | H22: ="--" -> -- | I22: ="--" -> --
E23: 人 数 計 | G23: ="--" -> -- | H23: ="--" -> -- | I23: =SUM(I17:I21) -> #REF!
B26: 危険作業等に伴う補正 | I26: 表－４
B27: 区分 | E27: 作業種別 | I27: 補正率
B28: 危険場所 | E28: 悪環境における作業 | I28: 0.2
E29: 高所又は地下作業 | I29: 0.1
E30: 錯綜場所作業 | I30: 0.3
B31: 作業の制約 | E31: 複雑な制約のある作業 | I31: 0.4
E32: 単純な制約のある作業 | I32: 0.2
B34: 設備経過年数による補正 | I34: 表－５
B35: 区分 | E35: 経過年数 | H35: 補正率
B36: 経過年数補正 | E36: ５年未満 | H36: 0
E37: ５年以上１０年未満 | H37: 0.1
E38: １０年以上 | H38: 0.15
B41: ④ 保全管理業務費の積算
B42: 業務内容 | F42: 年間延業務人数（人）
B43: ろ過機洗浄業務 | F43: =ROUNDDOWN(#REF!,2) -> #REF!
B44: 悪天候時の管理 | F44: =ROUNDDOWN(#REF!,2) -> #REF!
B45: その他の作業時間 | F45: =ROUNDDOWN(#REF!,2) -> #REF!
B46: 計 | F46: =ROUNDDOWN(SUM(F43:G45),2) -> #REF!
B48: 区分 | E48: 年間延業務人数(人) | G48: 技術者区分 | I48: 比率 | K48: 配置人数（人）
B49: その他業務員 | E49: =F46 -> #REF! | G49: 保全技師Ⅰ | I49: 10 | K49: =$E$49*I49% -> #REF!
G50: 保全技師Ⅱ | I50: 10 | K50: =$E$49*I50% -> #REF!
G51: 保全技師補 | I51: 20 | K51: =$E$49*I51% -> #REF!
G52: 保全技術員 | I52: 35 | K52: =$E$49*I52% -> #REF!
G53: 保全技術員補 | I53: 25 | K53: =$E$49*I53% -> #REF!
G54: 計 | I54: =SUM(I49:J53) -> 100 | K54: =SUM(K49:L53) -> #REF!
B56: 施設名
B57: =#REF! -> #REF! | F57: 通 常 点 検 （年間） | J57: 定 期 点 検 （年間）
F58: 回数 | G58: 時間(分) | H58: 補正率 | I58: 小計 | J58: 回数 | K58: 時間(分) | L58: 補正率 | M58: 小計
B59: 受変電設備 | D59: =#REF! -> #REF! | E59: 面 | F59: =IF(#REF!>=1,IF(#REF!>=1,#REF!),IF(#REF!>=0,"",)) -> #REF! | G59: =保全管理データ!N787 -> #REF! | H59: =IF(#REF!="無","",IF(#REF!="","",IF(#REF!="悪環境における作業",0.2,IF(#REF!="高所又は地下作業",0.1,IF(#REF!="錯綜場所作業",0.3,IF(#REF!="複雑な制約のある作業",0.4,IF(#REF!="単純な制約のある作業",0.2,0))))))) -> #REF! | I59: =IF(F59="","",F59*G59*(1+IF(H59="",0,H59))) -> #REF! | J59: =IF(#REF!>=1,IF(#REF!>=1,#REF!),IF(#REF!>=0,"",)) -> #REF! | K59: =保全管理データ!N814 -> #REF! | L59: =IF(#REF!="","",IF(#REF!="悪環境における作業",0.2,IF(#REF!="高所又は地下作業",0.1,IF(#REF!="錯綜場所作業",0.3,IF(#REF!="複雑な制約のある作業",0.4,IF(#REF!="単純な制約のある作業",0.2,0)))))) -> #REF! | M59: =IF(J59="","",J59*K59*(1+IF(L59="",0,L59))) -> #REF!
B60: 配電設備 | D60: =#REF! -> #REF! | E60: 面 | F60: =IF(#REF!>=1,IF(#REF!>=1,#REF!),IF(#REF!>=0,"",)) -> #REF! | G60: =保全管理データ!N788 -> #REF! | H60: =IF(#REF!="無","",IF(#REF!="","",IF(#REF!="悪環境における作業",0.2,IF(#REF!="高所又は地下作業",0.1,IF(#REF!="錯綜場所作業",0.3,IF(#REF!="複雑な制約のある作業",0.4,IF(#REF!="単純な制約のある作業",0.2,0))))))) -> #REF! | I60: =IF(F60="","",F60*G60*(1+IF(H60="",0,H60))) -> #REF! | J60: =IF(#REF!>=1,IF(#REF!>=1,#REF!),IF(#REF!>=0,"",)) -> #REF! | K60: =保全管理データ!N815 -> #REF! | L60: =IF(#REF!="","",IF(#REF!="悪環境における作業",0.2,IF(#REF!="高所又は地下作業",0.1,IF(#REF!="錯綜場所作業",0.3,IF(#REF!="複雑な制約のある作業",0.4,IF(#REF!="単純な制約のある作業",0.2,0)))))) -> #REF! | M60: =IF(J60="","",J60*K60*(1+IF(L60="",0,L60))) -> #REF!
B61: 自家発設備（高圧） | D61: =#REF! -> #REF! | E61: 組 | F61: =IF(#REF!>=1,IF(#REF!>=1,#REF!),IF(#REF!>=0,"",)) -> #REF! | G61: =保全管理データ!N789 -> #REF! | H61: =IF(#REF!="無","",IF(#REF!="","",IF(#REF!="悪環境における作業",0.2,IF(#REF!="高所又は地下作業",0.1,IF(#REF!="錯綜場所作業",0.3,IF(#REF!="複雑な制約のある作業",0.4,IF(#REF!="単純な制約のある作業",0.2,0))))))) -> #REF! | I61: =IF(F61="","",F61*G61*(1+IF(H61="",0,H61))) -> #REF! | J61: =IF(#REF!>=1,IF(#REF!>=1,#REF!),IF(#REF!>=0,"",)) -> #REF! | K61: =保全管理データ!N816 -> #REF! | L61: =IF(#REF!="","",IF(#REF!="悪環境における作業",0.2,IF(#REF!="高所又は地下作業",0.1,IF(#REF!="錯綜場所作業",0.3,IF(#REF!="複雑な制約のある作業",0.4,IF(#REF!="単純な制約のある作業",0.2,0)))))) -> #REF! | M61: =IF(J61="","",J61*K61*(1+IF(L61="",0,L61))) -> #REF!
B62: 自家発設備（低圧） | D62: =#REF! -> #REF! | E62: 組 | F62: =IF(#REF!>=1,IF(#REF!>=1,#REF!),IF(#REF!>=0,"",)) -> #REF! | G62: =保全管理データ!N790 -> #REF! | H62: =IF(#REF!="無","",IF(#REF!="","",IF(#REF!="悪環境における作業",0.2,IF(#REF!="高所又は地下作業",0.1,IF(#REF!="錯綜場所作業",0.3,IF(#REF!="複雑な制約のある作業",0.4,IF(#REF!="単純な制約のある作業",0.2,0))))))) -> #REF! | I62: =IF(F62="","",F62*G62*(1+IF(H62="",0,H62))) -> #REF! | J62: =IF(#REF!>=1,IF(#REF!>=1,#REF!),IF(#REF!>=0,"",)) -> #REF! | K62: =保全管理データ!N817 -> #REF! | L62: =IF(#REF!="","",IF(#REF!="悪環境における作業",0.2,IF(#REF!="高所又は地下作業",0.1,IF(#REF!="錯綜場所作業",0.3,IF(#REF!="複雑な制約のある作業",0.4,IF(#REF!="単純な制約のある作業",0.2,0)))))) -> #REF! | M62: =IF(J62="","",J62*K62*(1+IF(L62="",0,L62))) -> #REF!
B63: 直流電源設備 | D63: =#REF! -> #REF! | E63: 面 | F63: =IF(#REF!>=1,IF(#REF!>=1,#REF!),IF(#REF!>=0,"",)) -> #REF! | G63: =保全管理データ!N791 -> #REF! | H63: =IF(#REF!="無","",IF(#REF!="","",IF(#REF!="悪環境における作業",0.2,IF(#REF!="高所又は地下作業",0.1,IF(#REF!="錯綜場所作業",0.3,IF(#REF!="複雑な制約のある作業",0.4,IF(#REF!="単純な制約のある作業",0.2,0))))))) -> #REF! | I63: =IF(F63="","",F63*G63*(1+IF(H63="",0,H63))) -> #REF! | J63: =IF(#REF!>=1,IF(#REF!>=1,#REF!),IF(#REF!>=0,"",)) -> #REF! | K63: =保全管理データ!N818 -> #REF! | L63: =IF(#REF!="","",IF(#REF!="悪環境における作業",0.2,IF(#REF!="高所又は地下作業",0.1,IF(#REF!="錯綜場所作業",0.3,IF(#REF!="複雑な制約のある作業",0.4,IF(#REF!="単純な制約のある作業",0.2,0)))))) -> #REF! | M63: =IF(J63="","",J63*K63*(1+IF(L63="",0,L63))) -> #REF!
B64: 小型無停電電源装置 | D64: =#REF! -> #REF! | E64: 組 | F64: =IF(#REF!>=1,IF(#REF!>=1,#REF!),IF(#REF!>=0,"",)) -> #REF! | G64: =保全管理データ!N792 -> #REF! | H64: =IF(#REF!="無","",IF(#REF!="","",IF(#REF!="悪環境における作業",0.2,IF(#REF!="高所又は地下作業",0.1,IF(#REF!="錯綜場所作業",0.3,IF(#REF!="複雑な制約のある作業",0.4,IF(#REF!="単純な制約のある作業",0.2,0))))))) -> #REF! | I64: =IF(F64="","",F64*G64*(1+IF(H64="",0,H64))) -> #REF! | J64: =IF(#REF!>=1,IF(#REF!>=1,#REF!),IF(#REF!>=0,"",)) -> #REF! | K64: =保全管理データ!N819 -> #REF! | L64: =IF(#REF!="","",IF(#REF!="悪環境における作業",0.2,IF(#REF!="高所又は地下作業",0.1,IF(#REF!="錯綜場所作業",0.3,IF(#REF!="複雑な制約のある作業",0.4,IF(#REF!="単純な制約のある作業",0.2,0)))))) -> #REF! | M64: =IF(J64="","",J64*K64*(1+IF(L64="",0,L64))) -> #REF!
B65: 監視制御装置 | D65: =#REF! -> #REF! | E65: 面 | F65: =IF(#REF!>=1,IF(#REF!>=1,#REF!),IF(#REF!>=0,"",)) -> #REF! | G65: =保全管理データ!N793 -> #REF! | H65: =IF(#REF!="無","",IF(#REF!="","",IF(#REF!="悪環境における作業",0.2,IF(#REF!="高所又は地下作業",0.1,IF(#REF!="錯綜場所作業",0.3,IF(#REF!="複雑な制約のある作業",0.4,IF(#REF!="単純な制約のある作業",0.2,0))))))) -> #REF! | I65: =IF(F65="","",F65*G65*(1+IF(H65="",0,H65))) -> #REF! | J65: =IF(#REF!>=1,IF(#REF!>=1,#REF!),IF(#REF!>=0,"",)) -> #REF! | K65: =保全管理データ!N820 -> #REF! | L65: =IF(#REF!="","",IF(#REF!="悪環境における作業",0.2,IF(#REF!="高所又は地下作業",0.1,IF(#REF!="錯綜場所作業",0.3,IF(#REF!="複雑な制約のある作業",0.4,IF(#REF!="単純な制約のある作業",0.2,0)))))) -> #REF! | M65: =IF(J65="","",J65*K65*(1+IF(L65="",0,L65))) -> #REF!
B66: データ処理設備 | D66: =#REF! -> #REF! | E66: 面 | F66: =IF(#REF!>=1,IF(#REF!>=1,#REF!),IF(#REF!>=0,"",)) -> #REF! | G66: =保全管理データ!N794 -> #REF! | H66: =IF(#REF!="無","",IF(#REF!="","",IF(#REF!="悪環境における作業",0.2,IF(#REF!="高所又は地下作業",0.1,IF(#REF!="錯綜場所作業",0.3,IF(#REF!="複雑な制約のある作業",0.4,IF(#REF!="単純な制約のある作業",0.2,0))))))) -> #REF! | I66: =IF(F66="","",F66*G66*(1+IF(H66="",0,H66))) -> #REF! | J66: =IF(#REF!>=1,IF(#REF!>=1,#REF!),IF(#REF!>=0,"",)) -> #REF! | K66: =保全管理データ!N821 -> #REF! | L66: =IF(#REF!="","",IF(#REF!="悪環境における作業",0.2,IF(#REF!="高所又は地下作業",0.1,IF(#REF!="錯綜場所作業",0.3,IF(#REF!="複雑な制約のある作業",0.4,IF(#REF!="単純な制約のある作業",0.2,0)))))) -> #REF! | M66: =IF(J66="","",J66*K66*(1+IF(L66="",0,L66))) -> #REF!
B67: 計装機器 | D67: =#REF! -> #REF! | E67: 台 | F67: =IF(#REF!>=1,IF(#REF!>=1,#REF!),IF(#REF!>=0,"",)) -> #REF! | G67: =保全管理データ!N795 -> #REF! | H67: =IF(#REF!="無","",IF(#REF!="","",IF(#REF!="悪環境における作業",0.2,IF(#REF!="高所又は地下作業",0.1,IF(#REF!="錯綜場所作業",0.3,IF(#REF!="複雑な制約のある作業",0.4,IF(#REF!="単純な制約のある作業",0.2,0))))))) -> #REF! | I67: =IF(F67="","",F67*G67*(1+IF(H67="",0,H67))) -> #REF! | J67: =IF(#REF!>=1,IF(#REF!>=1,#REF!),IF(#REF!>=0,"",)) -> #REF! | K67: =保全管理データ!N822 -> #REF! | L67: =IF(#REF!="","",IF(#REF!="悪環境における作業",0.2,IF(#REF!="高所又は地下作業",0.1,IF(#REF!="錯綜場所作業",0.3,IF(#REF!="複雑な制約のある作業",0.4,IF(#REF!="単純な制約のある作業",0.2,0)))))) -> #REF! | M67: =IF(J67="","",J67*K67*(1+IF(L67="",0,L67))) -> #REF!
B68: 遠隔監視設備 | D68: =#REF! -> #REF! | E68: 面 | F68: =IF(#REF!>=1,IF(#REF!>=1,#REF!),IF(#REF!>=0,"",)) -> #REF! | G68: =保全管理データ!N796 -> #REF! | H68: =IF(#REF!="無","",IF(#REF!="","",IF(#REF!="悪環境における作業",0.2,IF(#REF!="高所又は地下作業",0.1,IF(#REF!="錯綜場所作業",0.3,IF(#REF!="複雑な制約のある作業",0.4,IF(#REF!="単純な制約のある作業",0.2,0))))))) -> #REF! | I68: =IF(F68="","",F68*G68*(1+IF(H68="",0,H68))) -> #REF! | J68: =IF(#REF!>=1,IF(#REF!>=1,#REF!),IF(#REF!>=0,"",)) -> #REF! | K68: =保全管理データ!N823 -> #REF! | L68: =IF(#REF!="","",IF(#REF!="悪環境における作業",0.2,IF(#REF!="高所又は地下作業",0.1,IF(#REF!="錯綜場所作業",0.3,IF(#REF!="複雑な制約のある作業",0.4,IF(#REF!="単純な制約のある作業",0.2,0)))))) -> #REF! | M68: =IF(J68="","",J68*K68*(1+IF(L68="",0,L68))) -> #REF!
B69: 取水設備 | D69: =#REF! -> #REF! | E69: 台 | F69: =IF(#REF!>=1,IF(#REF!>=1,#REF!),IF(#REF!>=0,"",)) -> #REF! | G69: =保全管理データ!N797 -> #REF! | H69: =IF(#REF!="無","",IF(#REF!="","",IF(#REF!="悪環境における作業",0.2,IF(#REF!="高所又は地下作業",0.1,IF(#REF!="錯綜場所作業",0.3,IF(#REF!="複雑な制約のある作業",0.4,IF(#REF!="単純な制約のある作業",0.2,0))))))) -> #REF! | I69: =IF(F69="","",F69*G69*(1+IF(H69="",0,H69))) -> #REF! | J69: =IF(#REF!>=1,IF(#REF!>=1,#REF!),IF(#REF!>=0,"",)) -> #REF! | K69: =保全管理データ!N824 -> #REF! | L69: =IF(#REF!="","",IF(#REF!="悪環境における作業",0.2,IF(#REF!="高所又は地下作業",0.1,IF(#REF!="錯綜場所作業",0.3,IF(#REF!="複雑な制約のある作業",0.4,IF(#REF!="単純な制約のある作業",0.2,0)))))) -> #REF! | M69: =IF(J69="","",J69*K69*(1+IF(L69="",0,L69))) -> #REF!
B70: ポンプ設備 | D70: =#REF! -> #REF! | E70: 台 | F70: =IF(#REF!>=1,IF(#REF!>=1,#REF!),IF(#REF!>=0,"",)) -> #REF! | G70: =保全管理データ!N798 -> #REF! | H70: =IF(#REF!="無","",IF(#REF!="","",IF(#REF!="悪環境における作業",0.2,IF(#REF!="高所又は地下作業",0.1,IF(#REF!="錯綜場所作業",0.3,IF(#REF!="複雑な制約のある作業",0.4,IF(#REF!="単純な制約のある作業",0.2,0))))))) -> #REF! | I70: =IF(F70="","",F70*G70*(1+IF(H70="",0,H70))) -> #REF! | J70: =IF(#REF!>=1,IF(#REF!>=1,#REF!),IF(#REF!>=0,"",)) -> #REF! | K70: =保全管理データ!N825 -> #REF! | L70: =IF(#REF!="","",IF(#REF!="悪環境における作業",0.2,IF(#REF!="高所又は地下作業",0.1,IF(#REF!="錯綜場所作業",0.3,IF(#REF!="複雑な制約のある作業",0.4,IF(#REF!="単純な制約のある作業",0.2,0)))))) -> #REF! | M70: =IF(J70="","",J70*K70*(1+IF(L70="",0,L70))) -> #REF!
... B82: 空気調和機 | D82: =#REF! -> #REF! | E82: 台 | F82: =IF(#REF!>=1,IF(#REF!>=1,#REF!),IF(#REF!>=0,"",)) -> #REF! | G82: =保全管理データ!N810 -> #REF! | H82: =IF(#REF!="無","",IF(#REF!="","",IF(#REF!="悪環境における作業",0.2,IF(#REF!="高所又は地下作業",0.1,IF(#REF!="錯綜場所作業",0.3,IF(#REF!="複雑な制約のある作業",0.4,IF(#REF!="単純な制約のある作業",0.2,0))))))) -> #REF! | I82: =IF(F82="","",F82*G82*(1+IF(H82="",0,H82))) -> #REF! | J82: =IF(#REF!>=1,IF(#REF!>=1,#REF!),IF(#REF!>=0,"",)) -> #REF! | K82: =保全管理データ!N837 -> #REF! | L82: =IF(#REF!="","",IF(#REF!="悪環境における作業",0.2,IF(#REF!="高所又は地下作業",0.1,IF(#REF!="錯綜場所作業",0.3,IF(#REF!="複雑な制約のある作業",0.4,IF(#REF!="単純な制約のある作業",0.2,0)))))) -> #REF! | M82: =IF(J82="","",J82*K82*(1+IF(L82="",0,L82))) -> #REF!
B83: 小 計 | F83: =SUM(I59:I82) -> #REF! | J83: =IF(SUM(J59:J82)=0,"0.00",SUM(M59:M82)) -> #REF!
B84: 経過年数補正 | F84: =IF(#REF!="５年以下","0",IF(#REF!="５年～１０年",0.1,IF(#REF!="１０年以上",0.15))) -> #REF!
B85: 補正後 小計 | F85: =F83*(1+F84) -> #REF! | J85: =J83*(1+F84) -> #REF!
B86: 移動時間 合計 | F86: =#REF!*(#REF!*#REF!+#REF!*#REF!) -> #REF! | I86: =#REF! -> #REF! | K86: ～ | L86: =B57 -> #REF!
B88: 施設名
B89: =#REF! -> #REF! | F89: 通 常 点 検 （年間） | J89: 定 期 点 検 （年間）
F90: 回数 | G90: 時間(分) | H90: 補正率 | I90: 小計 | J90: 回数 | K90: 時間(分) | L90: 補正率 | M90: 小計
B91: 受変電設備 | D91: =#REF! -> #REF! | E91: 面 | F91: =IF(#REF!>=1,IF(#REF!>=1,#REF!),IF(#REF!>=0,"",)) -> #REF! | G91: =保全管理データ!N843 -> #REF! | H91: =IF(#REF!="無","",IF(#REF!="","",IF(#REF!="悪環境における作業",0.2,IF(#REF!="高所又は地下作業",0.1,IF(#REF!="錯綜場所作業",0.3,IF(#REF!="複雑な制約のある作業",0.4,IF(#REF!="単純な制約のある作業",0.2,0))))))) -> #REF! | I91: =IF(F91="","",F91*G91*(1+IF(H91="",0,H91))) -> #REF! | J91: =IF(#REF!>=1,IF(#REF!>=1,#REF!),IF(#REF!>=0,"",)) -> #REF! | K91: =保全管理データ!N870 -> #REF! | L91: =IF(#REF!="","",IF(#REF!="悪環境における作業",0.2,IF(#REF!="高所又は地下作業",0.1,IF(#REF!="錯綜場所作業",0.3,IF(#REF!="複雑な制約のある作業",0.4,IF(#REF!="単純な制約のある作業",0.2,0)))))) -> #REF! | M91: =IF(J91="","",J91*K91*(1+IF(L91="",0,L91))) -> #REF!
B92: 配電設備 | D92: =#REF! -> #REF! | E92: 面 | F92: =IF(#REF!>=1,IF(#REF!>=1,#REF!),IF(#REF!>=0,"",)) -> #REF! | G92: =保全管理データ!N844 -> #REF! | H92: =IF(#REF!="無","",IF(#REF!="","",IF(#REF!="悪環境における作業",0.2,IF(#REF!="高所又は地下作業",0.1,IF(#REF!="錯綜場所作業",0.3,IF(#REF!="複雑な制約のある作業",0.4,IF(#REF!="単純な制約のある作業",0.2,0))))))) -> #REF! | I92: =IF(F92="","",F92*G92*(1+IF(H92="",0,H92))) -> #REF! | J92: =IF(#REF!>=1,IF(#REF!>=1,#REF!),IF(#REF!>=0,"",)) -> #REF! | K92: =保全管理データ!N871 -> #REF! | L92: =IF(#REF!="","",IF(#REF!="悪環境における作業",0.2,IF(#REF!="高所又は地下作業",0.1,IF(#REF!="錯綜場所作業",0.3,IF(#REF!="複雑な制約のある作業",0.4,IF(#REF!="単純な制約のある作業",0.2,0)))))) -> #REF! | M92: =IF(J92="","",J92*K92*(1+IF(L92="",0,L92))) -> #REF!
B93: 自家発設備（高圧） | D93: =#REF! -> #REF! | E93: 組 | F93: =IF(#REF!>=1,IF(#REF!>=1,#REF!),IF(#REF!>=0,"",)) -> #REF! | G93: =保全管理データ!N845 -> #REF! | H93: =IF(#REF!="無","",IF(#REF!="","",IF(#REF!="悪環境における作業",0.2,IF(#REF!="高所又は地下作業",0.1,IF(#REF!="錯綜場所作業",0.3,IF(#REF!="複雑な制約のある作業",0.4,IF(#REF!="単純な制約のある作業",0.2,0))))))) -> #REF! | I93: =IF(F93="","",F93*G93*(1+IF(H93="",0,H93))) -> #REF! | J93: =IF(#REF!>=1,IF(#REF!>=1,#REF!),IF(#REF!>=0,"",)) -> #REF! | K93: =保全管理データ!N872 -> #REF! | L93: =IF(#REF!="","",IF(#REF!="悪環境における作業",0.2,IF(#REF!="高所又は地下作業",0.1,IF(#REF!="錯綜場所作業",0.3,IF(#REF!="複雑な制約のある作業",0.4,IF(#REF!="単純な制約のある作業",0.2,0)))))) -> #REF! | M93: =IF(J93="","",J93*K93*(1+IF(L93="",0,L93))) -> #REF!
B94: 自家発設備（低圧） | D94: =#REF! -> #REF! | E94: 組 | F94: =IF(#REF!>=1,IF(#REF!>=1,#REF!),IF(#REF!>=0,"",)) -> #REF! | G94: =保全管理データ!N846 -> #REF! | H94: =IF(#REF!="無","",IF(#REF!="","",IF(#REF!="悪環境における作業",0.2,IF(#REF!="高所又は地下作業",0.1,IF(#REF!="錯綜場所作業",0.3,IF(#REF!="複雑な制約のある作業",0.4,IF(#REF!="単純な制約のある作業",0.2,0))))))) -> #REF! | I94: =IF(F94="","",F94*G94*(1+IF(H94="",0,H94))) -> #REF! | J94: =IF(#REF!>=1,IF(#REF!>=1,#REF!),IF(#REF!>=0,"",)) -> #REF! | K94: =保全管理データ!N873 -> #REF! | L94: =IF(#REF!="","",IF(#REF!="悪環境における作業",0.2,IF(#REF!="高所又は地下作業",0.1,IF(#REF!="錯綜場所作業",0.3,IF(#REF!="複雑な制約のある作業",0.4,IF(#REF!="単純な制約のある作業",0.2,0)))))) -> #REF! | M94: =IF(J94="","",J94*K94*(1+IF(L94="",0,L94))) -> #REF!
B95: 直流電源設備 | D95: =#REF! -> #REF! | E95: 面 | F95: =IF(#REF!>=1,IF(#REF!>=1,#REF!),IF(#REF!>=0,"",)) -> #REF! | G95: =保全管理データ!N847 -> #REF! | H95: =IF(#REF!="無","",IF(#REF!="","",IF(#REF!="悪環境における作業",0.2,IF(#REF!="高所又は地下作業",0.1,IF(#REF!="錯綜場所作業",0.3,IF(#REF!="複雑な制約のある作業",0.4,IF(#REF!="単純な制約のある作業",0.2,0))))))) -> #REF! | I95: =IF(F95="","",F95*G95*(1+IF(H95="",0,H95))) -> #REF! | J95: =IF(#REF!>=1,IF(#REF!>=1,#REF!),IF(#REF!>=0,"",)) -> #REF! | K95: =保全管理データ!N874 -> #REF! | L95: =IF(#REF!="","",IF(#REF!="悪環境における作業",0.2,IF(#REF!="高所又は地下作業",0.1,IF(#REF!="錯綜場所作業",0.3,IF(#REF!="複雑な制約のある作業",0.4,IF(#REF!="単純な制約のある作業",0.2,0)))))) -> #REF! | M95: =IF(J95="","",J95*K95*(1+IF(L95="",0,L95))) -> #REF!
B96: 小型無停電電源装置 | D96: =#REF! -> #REF! | E96: 組 | F96: =IF(#REF!>=1,IF(#REF!>=1,#REF!),IF(#REF!>=0,"",)) -> #REF! | G96: =保全管理データ!N848 -> #REF! | H96: =IF(#REF!="無","",IF(#REF!="","",IF(#REF!="悪環境における作業",0.2,IF(#REF!="高所又は地下作業",0.1,IF(#REF!="錯綜場所作業",0.3,IF(#REF!="複雑な制約のある作業",0.4,IF(#REF!="単純な制約のある作業",0.2,0))))))) -> #REF! | I96: =IF(F96="","",F96*G96*(1+IF(H96="",0,H96))) -> #REF! | J96: =IF(#REF!>=1,IF(#REF!>=1,#REF!),IF(#REF!>=0,"",)) -> #REF! | K96: =保全管理データ!N875 -> #REF! | L96: =IF(#REF!="","",IF(#REF!="悪環境における作業",0.2,IF(#REF!="高所又は地下作業",0.1,IF(#REF!="錯綜場所作業",0.3,IF(#REF!="複雑な制約のある作業",0.4,IF(#REF!="単純な制約のある作業",0.2,0)))))) -> #REF! | M96: =IF(J96="","",J96*K96*(1+IF(L96="",0,L96))) -> #REF!
B97: 監視制御装置 | D97: =#REF! -> #REF! | E97: 面 | F97: =IF(#REF!>=1,IF(#REF!>=1,#REF!),IF(#REF!>=0,"",)) -> #REF! | G97: =保全管理データ!N849 -> #REF! | H97: =IF(#REF!="無","",IF(#REF!="","",IF(#REF!="悪環境における作業",0.2,IF(#REF!="高所又は地下作業",0.1,IF(#REF!="錯綜場所作業",0.3,IF(#REF!="複雑な制約のある作業",0.4,IF(#REF!="単純な制約のある作業",0.2,0))))))) -> #REF! | I97: =IF(F97="","",F97*G97*(1+IF(H97="",0,H97))) -> #REF! | J97: =IF(#REF!>=1,IF(#REF!>=1,#REF!),IF(#REF!>=0,"",)) -> #REF! | K97: =保全管理データ!N876 -> #REF! | L97: =IF(#REF!="","",IF(#REF!="悪環境における作業",0.2,IF(#REF!="高所又は地下作業",0.1,IF(#REF!="錯綜場所作業",0.3,IF(#REF!="複雑な制約のある作業",0.4,IF(#REF!="単純な制約のある作業",0.2,0)))))) -> #REF! | M97: =IF(J97="","",J97*K97*(1+IF(L97="",0,L97))) -> #REF!
B98: データ処理設備 | D98: =#REF! -> #REF! | E98: 面 | F98: =IF(#REF!>=1,IF(#REF!>=1,#REF!),IF(#REF!>=0,"",)) -> #REF! | G98: =保全管理データ!N850 -> #REF! | H98: =IF(#REF!="無","",IF(#REF!="","",IF(#REF!="悪環境における作業",0.2,IF(#REF!="高所又は地下作業",0.1,IF(#REF!="錯綜場所作業",0.3,IF(#REF!="複雑な制約のある作業",0.4,IF(#REF!="単純な制約のある作業",0.2,0))))))) -> #REF! | I98: =IF(F98="","",F98*G98*(1+IF(H98="",0,H98))) -> #REF! | J98: =IF(#REF!>=1,IF(#REF!>=1,#REF!),IF(#REF!>=0,"",)) -> #REF! | K98: =保全管理データ!N877 -> #REF! | L98: =IF(#REF!="","",IF(#REF!="悪環境における作業",0.2,IF(#REF!="高所又は地下作業",0.1,IF(#REF!="錯綜場所作業",0.3,IF(#REF!="複雑な制約のある作業",0.4,IF(#REF!="単純な制約のある作業",0.2,0)))))) -> #REF! | M98: =IF(J98="","",J98*K98*(1+IF(L98="",0,L98))) -> #REF!
B99: 計装機器 | D99: =#REF! -> #REF! | E99: 台 | F99: =IF(#REF!>=1,IF(#REF!>=1,#REF!),IF(#REF!>=0,"",)) -> #REF! | G99: =保全管理データ!N851 -> #REF! | H99: =IF(#REF!="無","",IF(#REF!="","",IF(#REF!="悪環境における作業",0.2,IF(#REF!="高所又は地下作業",0.1,IF(#REF!="錯綜場所作業",0.3,IF(#REF!="複雑な制約のある作業",0.4,IF(#REF!="単純な制約のある作業",0.2,0))))))) -> #REF! | I99: =IF(F99="","",F99*G99*(1+IF(H99="",0,H99))) -> #REF! | J99: =IF(#REF!>=1,IF(#REF!>=1,#REF!),IF(#REF!>=0,"",)) -> #REF! | K99: =保全管理データ!N878 -> #REF! | L99: =IF(#REF!="","",IF(#REF!="悪環境における作業",0.2,IF(#REF!="高所又は地下作業",0.1,IF(#REF!="錯綜場所作業",0.3,IF(#REF!="複雑な制約のある作業",0.4,IF(#REF!="単純な制約のある作業",0.2,0)))))) -> #REF! | M99: =IF(J99="","",J99*K99*(1+IF(L99="",0,L99))) -> #REF!
B100: 遠隔監視設備 | D100: =#REF! -> #REF! | E100: 面 | F100: =IF(#REF!>=1,IF(#REF!>=1,#REF!),IF(#REF!>=0,"",)) -> #REF! | G100: =保全管理データ!N852 -> #REF! | H100: =IF(#REF!="無","",IF(#REF!="","",IF(#REF!="悪環境における作業",0.2,IF(#REF!="高所又は地下作業",0.1,IF(#REF!="錯綜場所作業",0.3,IF(#REF!="複雑な制約のある作業",0.4,IF(#REF!="単純な制約のある作業",0.2,0))))))) -> #REF! | I100: =IF(F100="","",F100*G100*(1+IF(H100="",0,H100))) -> #REF! | J100: =IF(#REF!>=1,IF(#REF!>=1,#REF!),IF(#REF!>=0,"",)) -> #REF! | K100: =保全管理データ!N879 -> #REF! | L100: =IF(#REF!="","",IF(#REF!="悪環境における作業",0.2,IF(#REF!="高所又は地下作業",0.1,IF(#REF!="錯綜場所作業",0.3,IF(#REF!="複雑な制約のある作業",0.4,IF(#REF!="単純な制約のある作業",0.2,0)))))) -> #REF! | M100: =IF(J100="","",J100*K100*(1+IF(L100="",0,L100))) -> #REF!
B101: 取水設備 | D101: =#REF! -> #REF! | E101: 台 | F101: =IF(#REF!>=1,IF(#REF!>=1,#REF!),IF(#REF!>=0,"",)) -> #REF! | G101: =保全管理データ!N853 -> #REF! | H101: =IF(#REF!="無","",IF(#REF!="","",IF(#REF!="悪環境における作業",0.2,IF(#REF!="高所又は地下作業",0.1,IF(#REF!="錯綜場所作業",0.3,IF(#REF!="複雑な制約のある作業",0.4,IF(#REF!="単純な制約のある作業",0.2,0))))))) -> #REF! | I101: =IF(F101="","",F101*G101*(1+IF(H101="",0,H101))) -> #REF! | J101: =IF(#REF!>=1,IF(#REF!>=1,#REF!),IF(#REF!>=0,"",)) -> #REF! | K101: =保全管理データ!N880 -> #REF! | L101: =IF(#REF!="","",IF(#REF!="悪環境における作業",0.2,IF(#REF!="高所又は地下作業",0.1,IF(#REF!="錯綜場所作業",0.3,IF(#REF!="複雑な制約のある作業",0.4,IF(#REF!="単純な制約のある作業",0.2,0)))))) -> #REF! | M101: =IF(J101="","",J101*K101*(1+IF(L101="",0,L101))) -> #REF!
B102: ポンプ設備 | D102: =#REF! -> #REF! | E102: 台 | F102: =IF(#REF!>=1,IF(#REF!>=1,#REF!),IF(#REF!>=0,"",)) -> #REF! | G102: =保全管理データ!N854 -> #REF! | H102: =IF(#REF!="無","",IF(#REF!="","",IF(#REF!="悪環境における作業",0.2,IF(#REF!="高所又は地下作業",0.1,IF(#REF!="錯綜場所作業",0.3,IF(#REF!="複雑な制約のある作業",0.4,IF(#REF!="単純な制約のある作業",0.2,0))))))) -> #REF! | I102: =IF(F102="","",F102*G102*(1+IF(H102="",0,H102))) -> #REF! | J102: =IF(#REF!>=1,IF(#REF!>=1,#REF!),IF(#REF!>=0,"",)) -> #REF! | K102: =保全管理データ!N881 -> #REF! | L102: =IF(#REF!="","",IF(#REF!="悪環境における作業",0.2,IF(#REF!="高所又は地下作業",0.1,IF(#REF!="錯綜場所作業",0.3,IF(#REF!="複雑な制約のある作業",0.4,IF(#REF!="単純な制約のある作業",0.2,0)))))) -> #REF! | M102: =IF(J102="","",J102*K102*(1+IF(L102="",0,L102))) -> #REF!
... B114: 空気調和機 | D114: =#REF! -> #REF! | E114: 台 | F114: =IF(#REF!>=1,IF(#REF!>=1,#REF!),IF(#REF!>=0,"",)) -> #REF! | G114: =保全管理データ!N866 -> #REF! | H114: =IF(#REF!="無","",IF(#REF!="","",IF(#REF!="悪環境における作業",0.2,IF(#REF!="高所又は地下作業",0.1,IF(#REF!="錯綜場所作業",0.3,IF(#REF!="複雑な制約のある作業",0.4,IF(#REF!="単純な制約のある作業",0.2,0))))))) -> #REF! | I114: =IF(F114="","",F114*G114*(1+IF(H114="",0,H114))) -> #REF! | J114: =IF(#REF!>=1,IF(#REF!>=1,#REF!),IF(#REF!>=0,"",)) -> #REF! | K114: =保全管理データ!N893 -> #REF! | L114: =IF(#REF!="","",IF(#REF!="悪環境における作業",0.2,IF(#REF!="高所又は地下作業",0.1,IF(#REF!="錯綜場所作業",0.3,IF(#REF!="複雑な制約のある作業",0.4,IF(#REF!="単純な制約のある作業",0.2,0)))))) -> #REF! | M114: =IF(J114="","",J114*K114*(1+IF(L114="",0,L114))) -> #REF!
B115: 小 計 | F115: =SUM(I91:I114) -> #REF! | J115: =IF(SUM(J91:J114)=0,"0.00",SUM(M91:M114)) -> #REF!
B116: 経過年数補正 | F116: =IF(#REF!="５年以下","0",IF(#REF!="５年～１０年",0.1,IF(#REF!="１０年以上",0.15))) -> #REF!
B117: 補正後 小計 | F117: =F115*(1+F116) -> #REF! | J117: =J115*(1+F116) -> #REF!
B118: 移動時間 合計 | F118: =#REF!*(#REF!*#REF!+#REF!*#REF!) -> #REF! | I118: =#REF! -> #REF! | K118: ～ | L118: =B89 -> #REF!
B120: 施設名
B121: =#REF! -> #REF! | F121: 通 常 点 検 （年間） | J121: 定 期 点 検 （年間）
F122: 回数 | G122: 時間(分) | H122: 補正率 | I122: 小計 | J122: 回数 | K122: 時間(分) | L122: 補正率 | M122: 小計
B123: 受変電設備 | D123: =#REF! -> #REF! | E123: 面 | F123: =IF(#REF!>=1,IF(#REF!>=1,#REF!),IF(#REF!>=0,"",)) -> #REF! | G123: =保全管理データ!N899 -> #REF! | H123: =IF(#REF!="無","",IF(#REF!="","",IF(#REF!="悪環境における作業",0.2,IF(#REF!="高所又は地下作業",0.1,IF(#REF!="錯綜場所作業",0.3,IF(#REF!="複雑な制約のある作業",0.4,IF(#REF!="単純な制約のある作業",0.2,0))))))) -> #REF! | I123: =IF(F123="","",F123*G123*(1+IF(H123="",0,H123))) -> #REF! | J123: =IF(#REF!>=1,IF(#REF!>=1,#REF!),IF(#REF!>=0,"",)) -> #REF! | K123: =保全管理データ!N926 -> #REF! | L123: =IF(#REF!="","",IF(#REF!="悪環境における作業",0.2,IF(#REF!="高所又は地下作業",0.1,IF(#REF!="錯綜場所作業",0.3,IF(#REF!="複雑な制約のある作業",0.4,IF(#REF!="単純な制約のある作業",0.2,0)))))) -> #REF! | M123: =IF(J123="","",J123*K123*(1+IF(L123="",0,L123))) -> #REF!
B124: 配電設備 | D124: =#REF! -> #REF! | E124: 面 | F124: =IF(#REF!>=1,IF(#REF!>=1,#REF!),IF(#REF!>=0,"",)) -> #REF! | G124: =保全管理データ!N900 -> #REF! | H124: =IF(#REF!="無","",IF(#REF!="","",IF(#REF!="悪環境における作業",0.2,IF(#REF!="高所又は地下作業",0.1,IF(#REF!="錯綜場所作業",0.3,IF(#REF!="複雑な制約のある作業",0.4,IF(#REF!="単純な制約のある作業",0.2,0))))))) -> #REF! | I124: =IF(F124="","",F124*G124*(1+IF(H124="",0,H124))) -> #REF! | J124: =IF(#REF!>=1,IF(#REF!>=1,#REF!),IF(#REF!>=0,"",)) -> #REF! | K124: =保全管理データ!N927 -> #REF! | L124: =IF(#REF!="","",IF(#REF!="悪環境における作業",0.2,IF(#REF!="高所又は地下作業",0.1,IF(#REF!="錯綜場所作業",0.3,IF(#REF!="複雑な制約のある作業",0.4,IF(#REF!="単純な制約のある作業",0.2,0)))))) -> #REF! | M124: =IF(J124="","",J124*K124*(1+IF(L124="",0,L124))) -> #REF!
B125: 自家発設備（高圧） | D125: =#REF! -> #REF! | E125: 組 | F125: =IF(#REF!>=1,IF(#REF!>=1,#REF!),IF(#REF!>=0,"",)) -> #REF! | G125: =保全管理データ!N901 -> #REF! | H125: =IF(#REF!="無","",IF(#REF!="","",IF(#REF!="悪環境における作業",0.2,IF(#REF!="高所又は地下作業",0.1,IF(#REF!="錯綜場所作業",0.3,IF(#REF!="複雑な制約のある作業",0.4,IF(#REF!="単純な制約のある作業",0.2,0))))))) -> #REF! | I125: =IF(F125="","",F125*G125*(1+IF(H125="",0,H125))) -> #REF! | J125: =IF(#REF!>=1,IF(#REF!>=1,#REF!),IF(#REF!>=0,"",)) -> #REF! | K125: =保全管理データ!N928 -> #REF! | L125: =IF(#REF!="","",IF(#REF!="悪環境における作業",0.2,IF(#REF!="高所又は地下作業",0.1,IF(#REF!="錯綜場所作業",0.3,IF(#REF!="複雑な制約のある作業",0.4,IF(#REF!="単純な制約のある作業",0.2,0)))))) -> #REF! | M125: =IF(J125="","",J125*K125*(1+IF(L125="",0,L125))) -> #REF!
B126: 自家発設備（低圧） | D126: =#REF! -> #REF! | E126: 組 | F126: =IF(#REF!>=1,IF(#REF!>=1,#REF!),IF(#REF!>=0,"",)) -> #REF! | G126: =保全管理データ!N902 -> #REF! | H126: =IF(#REF!="無","",IF(#REF!="","",IF(#REF!="悪環境における作業",0.2,IF(#REF!="高所又は地下作業",0.1,IF(#REF!="錯綜場所作業",0.3,IF(#REF!="複雑な制約のある作業",0.4,IF(#REF!="単純な制約のある作業",0.2,0))))))) -> #REF! | I126: =IF(F126="","",F126*G126*(1+IF(H126="",0,H126))) -> #REF! | J126: =IF(#REF!>=1,IF(#REF!>=1,#REF!),IF(#REF!>=0,"",)) -> #REF! | K126: =保全管理データ!N929 -> #REF! | L126: =IF(#REF!="","",IF(#REF!="悪環境における作業",0.2,IF(#REF!="高所又は地下作業",0.1,IF(#REF!="錯綜場所作業",0.3,IF(#REF!="複雑な制約のある作業",0.4,IF(#REF!="単純な制約のある作業",0.2,0)))))) -> #REF! | M126: =IF(J126="","",J126*K126*(1+IF(L126="",0,L126))) -> #REF!
B127: 直流電源設備 | D127: =#REF! -> #REF! | E127: 面 | F127: =IF(#REF!>=1,IF(#REF!>=1,#REF!),IF(#REF!>=0,"",)) -> #REF! | G127: =保全管理データ!N903 -> #REF! | H127: =IF(#REF!="無","",IF(#REF!="","",IF(#REF!="悪環境における作業",0.2,IF(#REF!="高所又は地下作業",0.1,IF(#REF!="錯綜場所作業",0.3,IF(#REF!="複雑な制約のある作業",0.4,IF(#REF!="単純な制約のある作業",0.2,0))))))) -> #REF! | I127: =IF(F127="","",F127*G127*(1+IF(H127="",0,H127))) -> #REF! | J127: =IF(#REF!>=1,IF(#REF!>=1,#REF!),IF(#REF!>=0,"",)) -> #REF! | K127: =保全管理データ!N930 -> #REF! | L127: =IF(#REF!="","",IF(#REF!="悪環境における作業",0.2,IF(#REF!="高所又は地下作業",0.1,IF(#REF!="錯綜場所作業",0.3,IF(#REF!="複雑な制約のある作業",0.4,IF(#REF!="単純な制約のある作業",0.2,0)))))) -> #REF! | M127: =IF(J127="","",J127*K127*(1+IF(L127="",0,L127))) -> #REF!
B128: 小型無停電電源装置 | D128: =#REF! -> #REF! | E128: 組 | F128: =IF(#REF!>=1,IF(#REF!>=1,#REF!),IF(#REF!>=0,"",)) -> #REF! | G128: =保全管理データ!N904 -> #REF! | H128: =IF(#REF!="無","",IF(#REF!="","",IF(#REF!="悪環境における作業",0.2,IF(#REF!="高所又は地下作業",0.1,IF(#REF!="錯綜場所作業",0.3,IF(#REF!="複雑な制約のある作業",0.4,IF(#REF!="単純な制約のある作業",0.2,0))))))) -> #REF! | I128: =IF(F128="","",F128*G128*(1+IF(H128="",0,H128))) -> #REF! | J128: =IF(#REF!>=1,IF(#REF!>=1,#REF!),IF(#REF!>=0,"",)) -> #REF! | K128: =保全管理データ!N931 -> #REF! | L128: =IF(#REF!="","",IF(#REF!="悪環境における作業",0.2,IF(#REF!="高所又は地下作業",0.1,IF(#REF!="錯綜場所作業",0.3,IF(#REF!="複雑な制約のある作業",0.4,IF(#REF!="単純な制約のある作業",0.2,0)))))) -> #REF! | M128: =IF(J128="","",J128*K128*(1+IF(L128="",0,L128))) -> #REF!
B129: 監視制御装置 | D129: =#REF! -> #REF! | E129: 面 | F129: =IF(#REF!>=1,IF(#REF!>=1,#REF!),IF(#REF!>=0,"",)) -> #REF! | G129: =保全管理データ!N905 -> #REF! | H129: =IF(#REF!="無","",IF(#REF!="","",IF(#REF!="悪環境における作業",0.2,IF(#REF!="高所又は地下作業",0.1,IF(#REF!="錯綜場所作業",0.3,IF(#REF!="複雑な制約のある作業",0.4,IF(#REF!="単純な制約のある作業",0.2,0))))))) -> #REF! | I129: =IF(F129="","",F129*G129*(1+IF(H129="",0,H129))) -> #REF! | J129: =IF(#REF!>=1,IF(#REF!>=1,#REF!),IF(#REF!>=0,"",)) -> #REF! | K129: =保全管理データ!N932 -> #REF! | L129: =IF(#REF!="","",IF(#REF!="悪環境における作業",0.2,IF(#REF!="高所又は地下作業",0.1,IF(#REF!="錯綜場所作業",0.3,IF(#REF!="複雑な制約のある作業",0.4,IF(#REF!="単純な制約のある作業",0.2,0)))))) -> #REF! | M129: =IF(J129="","",J129*K129*(1+IF(L129="",0,L129))) -> #REF!
B130: データ処理設備 | D130: =#REF! -> #REF! | E130: 面 | F130: =IF(#REF!>=1,IF(#REF!>=1,#REF!),IF(#REF!>=0,"",)) -> #REF! | G130: =保全管理データ!N906 -> #REF! | H130: =IF(#REF!="無","",IF(#REF!="","",IF(#REF!="悪環境における作業",0.2,IF(#REF!="高所又は地下作業",0.1,IF(#REF!="錯綜場所作業",0.3,IF(#REF!="複雑な制約のある作業",0.4,IF(#REF!="単純な制約のある作業",0.2,0))))))) -> #REF! | I130: =IF(F130="","",F130*G130*(1+IF(H130="",0,H130))) -> #REF! | J130: =IF(#REF!>=1,IF(#REF!>=1,#REF!),IF(#REF!>=0,"",)) -> #REF! | K130: =保全管理データ!N933 -> #REF! | L130: =IF(#REF!="","",IF(#REF!="悪環境における作業",0.2,IF(#REF!="高所又は地下作業",0.1,IF(#REF!="錯綜場所作業",0.3,IF(#REF!="複雑な制約のある作業",0.4,IF(#REF!="単純な制約のある作業",0.2,0)))))) -> #REF! | M130: =IF(J130="","",J130*K130*(1+IF(L130="",0,L130))) -> #REF!
B131: 計装機器 | D131: =#REF! -> #REF! | E131: 台 | F131: =IF(#REF!>=1,IF(#REF!>=1,#REF!),IF(#REF!>=0,"",)) -> #REF! | G131: =保全管理データ!N907 -> #REF! | H131: =IF(#REF!="無","",IF(#REF!="","",IF(#REF!="悪環境における作業",0.2,IF(#REF!="高所又は地下作業",0.1,IF(#REF!="錯綜場所作業",0.3,IF(#REF!="複雑な制約のある作業",0.4,IF(#REF!="単純な制約のある作業",0.2,0))))))) -> #REF! | I131: =IF(F131="","",F131*G131*(1+IF(H131="",0,H131))) -> #REF! | J131: =IF(#REF!>=1,IF(#REF!>=1,#REF!),IF(#REF!>=0,"",)) -> #REF! | K131: =保全管理データ!N934 -> #REF! | L131: =IF(#REF!="","",IF(#REF!="悪環境における作業",0.2,IF(#REF!="高所又は地下作業",0.1,IF(#REF!="錯綜場所作業",0.3,IF(#REF!="複雑な制約のある作業",0.4,IF(#REF!="単純な制約のある作業",0.2,0)))))) -> #REF! | M131: =IF(J131="","",J131*K131*(1+IF(L131="",0,L131))) -> #REF!
B132: 遠隔監視設備 | D132: =#REF! -> #REF! | E132: 面 | F132: =IF(#REF!>=1,IF(#REF!>=1,#REF!),IF(#REF!>=0,"",)) -> #REF! | G132: =保全管理データ!N908 -> #REF! | H132: =IF(#REF!="無","",IF(#REF!="","",IF(#REF!="悪環境における作業",0.2,IF(#REF!="高所又は地下作業",0.1,IF(#REF!="錯綜場所作業",0.3,IF(#REF!="複雑な制約のある作業",0.4,IF(#REF!="単純な制約のある作業",0.2,0))))))) -> #REF! | I132: =IF(F132="","",F132*G132*(1+IF(H132="",0,H132))) -> #REF! | J132: =IF(#REF!>=1,IF(#REF!>=1,#REF!),IF(#REF!>=0,"",)) -> #REF! | K132: =保全管理データ!N935 -> #REF! | L132: =IF(#REF!="","",IF(#REF!="悪環境における作業",0.2,IF(#REF!="高所又は地下作業",0.1,IF(#REF!="錯綜場所作業",0.3,IF(#REF!="複雑な制約のある作業",0.4,IF(#REF!="単純な制約のある作業",0.2,0)))))) -> #REF! | M132: =IF(J132="","",J132*K132*(1+IF(L132="",0,L132))) -> #REF!
B133: 取水設備 | D133: =#REF! -> #REF! | E133: 台 | F133: =IF(#REF!>=1,IF(#REF!>=1,#REF!),IF(#REF!>=0,"",)) -> #REF! | G133: =保全管理データ!N909 -> #REF! | H133: =IF(#REF!="無","",IF(#REF!="","",IF(#REF!="悪環境における作業",0.2,IF(#REF!="高所又は地下作業",0.1,IF(#REF!="錯綜場所作業",0.3,IF(#REF!="複雑な制約のある作業",0.4,IF(#REF!="単純な制約のある作業",0.2,0))))))) -> #REF! | I133: =IF(F133="","",F133*G133*(1+IF(H133="",0,H133))) -> #REF! | J133: =IF(#REF!>=1,IF(#REF!>=1,#REF!),IF(#REF!>=0,"",)) -> #REF! | K133: =保全管理データ!N936 -> #REF! | L133: =IF(#REF!="","",IF(#REF!="悪環境における作業",0.2,IF(#REF!="高所又は地下作業",0.1,IF(#REF!="錯綜場所作業",0.3,IF(#REF!="複雑な制約のある作業",0.4,IF(#REF!="単純な制約のある作業",0.2,0)))))) -> #REF! | M133: =IF(J133="","",J133*K133*(1+IF(L133="",0,L133))) -> #REF!
B134: ポンプ設備 | D134: =#REF! -> #REF! | E134: 台 | F134: =IF(#REF!>=1,IF(#REF!>=1,#REF!),IF(#REF!>=0,"",)) -> #REF! | G134: =保全管理データ!N910 -> #REF! | H134: =IF(#REF!="無","",IF(#REF!="","",IF(#REF!="悪環境における作業",0.2,IF(#REF!="高所又は地下作業",0.1,IF(#REF!="錯綜場所作業",0.3,IF(#REF!="複雑な制約のある作業",0.4,IF(#REF!="単純な制約のある作業",0.2,0))))))) -> #REF! | I134: =IF(F134="","",F134*G134*(1+IF(H134="",0,H134))) -> #REF! | J134: =IF(#REF!>=1,IF(#REF!>=1,#REF!),IF(#REF!>=0,"",)) -> #REF! | K134: =保全管理データ!N937 -> #REF! | L134: =IF(#REF!="","",IF(#REF!="悪環境における作業",0.2,IF(#REF!="高所又は地下作業",0.1,IF(#REF!="錯綜場所作業",0.3,IF(#REF!="複雑な制約のある作業",0.4,IF(#REF!="単純な制約のある作業",0.2,0)))))) -> #REF! | M134: =IF(J134="","",J134*K134*(1+IF(L134="",0,L134))) -> #REF!
... B145: 照明 | D145: =#REF! -> #REF! | E145: か所 | F145: =IF(#REF!>=1,IF(#REF!>=1,#REF!),IF(#REF!>=0,"",)) -> #REF! | G145: =保全管理データ!N921 -> #REF! | H145: =IF(#REF!="無","",IF(#REF!="","",IF(#REF!="悪環境における作業",0.2,IF(#REF!="高所又は地下作業",0.1,IF(#REF!="錯綜場所作業",0.3,IF(#REF!="複雑な制約のある作業",0.4,IF(#REF!="単純な制約のある作業",0.2,0))))))) -> #REF! | I145: =IF(F145="","",F145*G145*(1+IF(H145="",0,H145))) -> #REF! | J145: =IF(#REF!>=1,IF(#REF!>=1,#REF!),IF(#REF!>=0,"",)) -> #REF! | K145: =保全管理データ!N948 -> #REF! | L145: =IF(#REF!="","",IF(#REF!="悪環境における作業",0.2,IF(#REF!="高所又は地下作業",0.1,IF(#REF!="錯綜場所作業",0.3,IF(#REF!="複雑な制約のある作業",0.4,IF(#REF!="単純な制約のある作業",0.2,0)))))) -> #REF! | M145: =IF(J145="","",J145*K145*(1+IF(L145="",0,L145))) -> #REF!
B146: 空気調和機 | D146: =#REF! -> #REF! | E146: 台 | F146: =IF(#REF!>=1,IF(#REF!>=1,#REF!),IF(#REF!>=0,"",)) -> #REF! | G146: =保全管理データ!N922 -> #REF! | H146: =IF(#REF!="無","",IF(#REF!="","",IF(#REF!="悪環境における作業",0.2,IF(#REF!="高所又は地下作業",0.1,IF(#REF!="錯綜場所作業",0.3,IF(#REF!="複雑な制約のある作業",0.4,IF(#REF!="単純な制約のある作業",0.2,0))))))) -> #REF! | I146: =IF(F146="","",F146*G146*(1+IF(H146="",0,H146))) -> #REF! | J146: =IF(#REF!>=1,IF(#REF!>=1,#REF!),IF(#REF!>=0,"",)) -> #REF! | K146: =保全管理データ!N781 -> #REF! | L146: =IF(#REF!="","",IF(#REF!="悪環境における作業",0.2,IF(#REF!="高所又は地下作業",0.1,IF(#REF!="錯綜場所作業",0.3,IF(#REF!="複雑な制約のある作業",0.4,IF(#REF!="単純な制約のある作業",0.2,0)))))) -> #REF! | M146: =IF(J146="","",J146*K146*(1+IF(L146="",0,L146))) -> #REF!
...

Sheet 保全管理データ
A1: =#REF! -> #REF! | D1: 日常点検 所要時間計算表 | P1: 有 | Q1: 無
B2: 1 | C2: 2 | D2: 3 | E2: ４・５ | F2: ６～１０ | G2: １１～２０ | H2: ２１～３０ | I2: ３１～４０ | J2: ４１～５０ | K2: ５２～ | L2: 設備名 | M2: 機器点数 | N2: 時間 | P2: 有（１つ） | Q2: 有（２つ以上） | R2: 無
A3: 受変電設備 | B3: 5 | C3: 7 | D3: 8 | E3: 8 | F3: 10 | G3: 13 | H3: 16 | L3: 受変電設備 | M3: =#REF! -> #REF! | N3: =IF(M3=0,"",CHOOSE(M3,"5","7","8","8","8","10","10","10","10","10","13","13","13","13","13","13","13","13","13","13","16","16","16","16","16","16","16","16","16","16","手入力箇所","手入力箇所","手入力箇所","手入力箇所","手入力箇所","手入力箇所","手入力箇所","手入力箇所","手入力箇所","手入力箇所","手入力箇所")) -> #REF! | P3: 有（１つ） | Q3: 有（２つ） | R3: 有（３つ） | S3: 有（４つ） | T3: 有（５つ以上） | U3: 無
A4: 配電設備 | B4: 5 | C4: 7 | D4: 8 | E4: 9 | F4: 12 | G4: 16 | L4: 配電設備 | M4: =#REF! -> #REF! | N4: =IF(M4=0,"",CHOOSE(M4,"5","7","8","9","9","12","12","12","12","12","16","16","16","16","16","16","16","16","16","16","手入力箇所","手入力箇所","手入力箇所","手入力箇所","手入力箇所","手入力箇所","手入力箇所","手入力箇所","手入力箇所","手入力箇所")) -> #REF!
A5: 自家用発電 設備（高圧） | B5: 6 | L5: 自家用発電 設備（高圧） | M5: =#REF! -> #REF! | N5: =IF(M5=0,"",CHOOSE(M5,"6","手入力箇所","手入力箇所","手入力箇所","手入力箇所","手入力箇所","手入力箇所","手入力箇所","手入力箇所","手入力箇所","手入力箇所","","")) -> #REF!
A6: 自家用発電 設備（低圧） | B6: 6 | L6: 自家用発電 設備（低圧） | M6: =#REF! -> #REF! | N6: =IF(M6=0,"",CHOOSE(M6,"6","手入力箇所","手入力箇所","手入力箇所","手入力箇所","手入力箇所","手入力箇所","手入力箇所","手入力箇所","手入力箇所","手入力箇所","","")) -> #REF!
A7: 直流電源 装置 | B7: 5 | C7: 7 | D7: 8 | E7: 9 | F7: 12 | L7: 直流電源 装置 | M7: =#REF! -> #REF! | N7: =IF(M7=0,"",CHOOSE(M7,"5","7","8","9","9","12","12","12","12","12","手入力箇所","手入力箇所","手入力箇所","手入力箇所","手入力箇所","手入力箇所","手入力箇所","手入力箇所","手入力箇所","手入力箇所")) -> #REF!
A8: 小型無停電 電源装置 | B8: 4 | C8: 5 | D8: 5 | E8: 6 | L8: 小型無停電 電源装置 | M8: =#REF! -> #REF! | N8: =IF(M8=0,"",CHOOSE(M8,"4","5","5","6","6","手入力箇所","手入力箇所","手入力箇所","手入力箇所","手入力箇所","手入力箇所","手入力箇所","手入力箇所","手入力箇所","手入力箇所")) -> #REF!
A9: 監視制御 装置 | B9: 12 | C9: 12 | D9: 12 | E9: 12 | F9: 12 | G9: 12 | H9: 12 | L9: 監視制御 装置 | M9: =#REF! -> #REF! | N9: =IF(M9=0,"",CHOOSE(M9,"12","12","12","12","12","12","12","12","12","12","12","12","12","12","12","12","12","12","12","12","12","12","12","12","12","12","12","12","12","12","手入力箇所","手入力箇所","手入力箇所","手入力箇所","手入力箇所","手入力箇所","手入力箇所","手入力箇所","手入力箇所","手入力箇所")) -> #REF!
A10: データ処理 設備 | B10: 7 | C10: 7 | D10: 7 | E10: 7 | F10: 7 | L10: データ処理 設備 | M10: =#REF! -> #REF! | N10: =IF(M10=0,"",CHOOSE(M10,"7","7","7","7","7","7","7","7","7","7","手入力箇所","手入力箇所","手入力箇所","手入力箇所","手入力箇所","手入力箇所","手入力箇所","手入力箇所","手入力箇所","手入力箇所")) -> #REF!
A11: 計装機器 | B11: 4 | C11: 5 | D11: 7 | E11: 8 | F11: 11 | G11: 16 | H11: 22 | I11: 26 | J11: 31 | L11: 計装機器 | M11: =#REF! -> #REF! | N11: =IF(M11=0,"",CHOOSE(M11,"4","5","7","8","8","11","11","11","11","11","16","16","16","16","16","16","16","16","16","16","22","22","22","22","22","22","22","22","22","22","26","26","26","26","26","26","26","26","26","26","31","31","31","31","31","31","31","31","31","31","31","手入力箇所","手入力箇所","手入力箇所","手入力箇所","手入力箇所","手入力箇所","手入力箇所","手入力箇所","手入力箇所","手入力箇所")) -> #REF!
A12: 遠隔監視 設備 | B12: 5 | C12: 6 | D12: 7 | L12: 遠隔監視 設備 | M12: =#REF! -> #REF! | N12: =IF(M12=0,"",CHOOSE(M12,"5","6","7","手入力箇所","手入力箇所","手入力箇所","手入力箇所","手入力箇所","手入力箇所","手入力箇所","手入力箇所","手入力箇所","手入力箇所")) -> #REF!
A13: 取水設備 | B13: 3 | C13: 6 | D13: 19 | L13: 取水設備 | M13: =#REF! -> #REF! | N13: =IF(M13=0,"",CHOOSE(M13,"3","6","19","手入力箇所","手入力箇所","手入力箇所","手入力箇所","手入力箇所","手入力箇所","手入力箇所","手入力箇所","手入力箇所","手入力箇所")) -> #REF!
A14: ポンプ設備 | B14: 1 | C14: 3 | D14: 5 | E14: 9 | F14: 26 | L14: ポンプ設備 | M14: =#REF! -> #REF! | N14: 26
A15: 沈澱池設備 | B15: 4 | C15: 11 | D15: 20 | E15: 33 | L15: 沈澱池設備 | M15: =#REF! -> #REF! | N15: =IF(M15=0,"",CHOOSE(M15,"4","11","20","33","33","手入力箇所","手入力箇所","手入力箇所","手入力箇所","手入力箇所","手入力箇所","手入力箇所","手入力箇所","手入力箇所","手入力箇所")) -> #REF!
A16: 急速ろ過池 設備 | B16: 4 | C16: 6 | D16: 8 | E16: 10 | F16: 15 | G16: 23 | H16: 33 | L16: 急速ろ過池 設備 | M16: =#REF! -> #REF! | N16: =IF(M16=0,"",CHOOSE(M16,"4","6","8","10","10","15","15","15","15","15","23","23","23","23","23","23","23","23","23","23","33","33","33","33","33","33","33","33","33","33","手入力箇所","手入力箇所","手入力箇所","手入力箇所","手入力箇所","手入力箇所","手入力箇所","手入力箇所","手入力箇所","手入力箇所")) -> #REF!
A17: 膜ろ過設備 | B17: 6 | C17: 14 | D17: 25 | E17: 39 | L17: 膜ろ過設備 | M17: =#REF! -> #REF! | N17: =IF(M17=0,"",CHOOSE(M17,"6","14","25","39","39","手入力箇所","手入力箇所","手入力箇所","手入力箇所","手入力箇所","手入力箇所","手入力箇所","手入力箇所","手入力箇所","手入力箇所")) -> #REF!
A18: 排水・排泥 池設備 | B18: 2 | C18: 3 | D18: 6 | E18: 9 | L18: 排水・排泥 池設備 | M18: =#REF! -> #REF! | N18: =IF(M18=0,"",CHOOSE(M18,"2","3","6","9","9","手入力箇所","手入力箇所","手入力箇所","手入力箇所","手入力箇所","手入力箇所","手入力箇所","手入力箇所","手入力箇所","手入力箇所")) -> #REF!
A19: 加圧脱水 設備 | B19: 12 | C19: 18 | D19: 22 | E19: 26 | L19: 加圧脱水 設備 | M19: =#REF! -> #REF! | N19: =IF(M19=0,"",CHOOSE(M19,"12","18","22","26","26","手入力箇所","手入力箇所","手入力箇所","手入力箇所","手入力箇所","手入力箇所","手入力箇所","手入力箇所","手入力箇所","手入力箇所")) -> #REF!
A20: 次亜塩素 酸ﾅﾄﾘｳﾑ 注入設備 | B20: 5 | C20: 8 | D20: 11 | E20: 14 | L20: 次亜塩素 酸ﾅﾄﾘｳﾑ 注入設備 | M20: =#REF! -> #REF! | N20: =IF(M20=0,"",CHOOSE(M20,"5","8","11","14","14","手入力箇所","手入力箇所","手入力箇所","手入力箇所","手入力箇所","手入力箇所","手入力箇所","手入力箇所","手入力箇所","手入力箇所")) -> #REF!
A21: 凝集剤注 入設備 | B21: 6 | C21: 11 | D21: 16 | E21: 21 | L21: 凝集剤注 入設備 | M21: =#REF! -> #REF! | N21: =IF(M21=0,"",CHOOSE(M21,"6","11","16","21","21","手入力箇所","手入力箇所","手入力箇所","手入力箇所","手入力箇所","手入力箇所","手入力箇所","手入力箇所","手入力箇所")) -> #REF!
A22: 水酸化ﾅﾄﾘｳﾑ注入設備 | B22: 5 | C22: 7 | D22: 9 | E22: 10 | L22: 水酸化ﾅﾄﾘｳﾑ注入設備 | M22: =#REF! -> #REF! | N22: =IF(M22=0,"",CHOOSE(M22,"5","7","9","10","10","手入力箇所","手入力箇所","手入力箇所","手入力箇所","手入力箇所","手入力箇所","手入力箇所","手入力箇所","手入力箇所")) -> #REF!
A23: 粉末活性炭注入設備 | B23: 9 | C23: 14 | L23: 粉末活性炭注入設備 | M23: =#REF! -> #REF! | N23: =IF(M23=0,"",CHOOSE(M23,"9","14","手入力箇所","手入力箇所","手入力箇所","手入力箇所","手入力箇所","手入力箇所","手入力箇所","手入力箇所","手入力箇所","手入力箇所")) -> #REF!
A24: 外灯 | B24: 3 | C24: 4 | D24: 4 | E24: 5 | F24: 6 | G24: 8 | H24: 9 | I24: 11 | J24: 12 | L24: 外灯 | M24: =#REF! -> #REF! | N24: =IF(M24=0,"",CHOOSE(M24,"3","4","4","5","5","6","6","6","6","6","8","8","8","8","8","8","8","8","8","8","9","9","9","9","9","9","9","9","9","9","11","11","11","11","11","11","11","11","11","11","12","12","12","12","12","12","12","12","12","12","12","手入力箇所","手入力箇所","手入力箇所","手入力箇所","手入力箇所","手入力箇所","手入力箇所","手入力箇所","手入力箇所","手入力箇所")) -> #REF!
A25: 照明 | B25: 3 | C25: 4 | D25: 4 | E25: 5 | F25: 6 | G25: 8 | H25: 10 | I25: 12 | J25: 13 | L25: 照明 | M25: =#REF! -> #REF! | N25: =IF(M25=0,"",CHOOSE(M25,"3","4","4","5","5","6","6","6","6","6","8","8","8","8","8","8","8","8","8","8","10","10","10","10","10","10","10","10","10","10","12","12","12","12","12","12","12","12","12","12","13","13","13","13","13","13","13","13","13","13","13","手入力箇所","手入力箇所","手入力箇所","手入力箇所","手入力箇所","手入力箇所","手入力箇所","手入力箇所","手入力箇所","手入力箇所")) -> #REF!
A26: 空気 調和機 | B26: 1 | C26: 2 | D26: 3 | E26: 4 | F26: 8 | G26: 19 | L26: 空気 調和機 | M26: =#REF! -> #REF! | N26: =IF(M26=0,"",CHOOSE(M26,"1","2","3","4","4","8","8","8","8","8","19","19","19","19","19","19","19","19","19","19","手入力箇所","手入力箇所","手入力箇所","手入力箇所","手入力箇所","手入力箇所","手入力箇所","手入力箇所","手入力箇所","手入力箇所")) -> #REF!
A28: =#REF! -> #REF! | D28: 定期点検 所要時間計算表
B29: 1 | C29: 2 | D29: 3 | E29: ４・５ | F29: ６～１０ | G29: １１～２０ | H29: ２１～３０ | I29: ３１～４０ | J29: ４１～５０ | K29: ５２～ | L29: 設備名 | M29: 機器点数 | N29: 時間
A30: 受変電設備 | B30: 16 | C30: 25 | D30: 32 | E30: 38 | F30: 56 | G30: 87 | H30: 121 | L30: 受変電設備 | M30: =#REF! -> #REF! | N30: =IF(M30=0,"",CHOOSE(M30,"16","25","32","38","38","56","56","56","56","56","87","87","87","87","87","87","87","87","87","87","121","121","121","121","121","121","121","121","121","121","手入力箇所","手入力箇所","手入力箇所","手入力箇所","手入力箇所","手入力箇所","手入力箇所","手入力箇所","手入力箇所","手入力箇所")) -> #REF!
A31: 配電設備 | B31: 25 | C31: 33 | D31: 40 | E31: 45 | F31: 58 | G31: 79 | L31: 配電設備 | M31: =#REF! -> #REF! | N31: =IF(M31=0,"",CHOOSE(M31,"25","33","40","45","45","58","58","58","58","58","79","79","79","79","79","79","79","79","79","79","手入力箇所","手入力箇所","手入力箇所","手入力箇所","手入力箇所","手入力箇所","手入力箇所","手入力箇所","手入力箇所","手入力箇所")) -> #REF!
A32: 自家用発電 設備（高圧） | B32: 32 | L32: 自家用発電 設備（高圧） | M32: =#REF! -> #REF! | N32: =IF(M32=0,"",CHOOSE(M32,"32","手入力箇所","手入力箇所","手入力箇所","手入力箇所","手入力箇所","手入力箇所","手入力箇所","手入力箇所","手入力箇所","手入力箇所")) -> #REF!
A33: 自家用発電 設備（低圧） | B33: 36 | L33: 自家用発電 設備（低圧） | M33: =#REF! -> #REF! | N33: =IF(M33=0,"",CHOOSE(M33,"36","手入力箇所","手入力箇所","手入力箇所","手入力箇所","手入力箇所","手入力箇所","手入力箇所","手入力箇所","手入力箇所","手入力箇所")) -> #REF!
A34: 直流電源 装置 | B34: 24 | C34: 30 | D34: 33 | E34: 35 | F34: 42 | L34: 直流電源 装置 | M34: =#REF! -> #REF! | N34: =IF(M34=0,"",CHOOSE(M34,"24","30","33","35","35","42","42","42","42","42","手入力箇所","手入力箇所","手入力箇所","手入力箇所","手入力箇所","手入力箇所","手入力箇所","手入力箇所","手入力箇所","手入力箇所")) -> #REF!
A35: 小型無停電 電源装置 | B35: 7 | C35: 12 | D35: 16 | E35: 19 | L35: 小型無停電 電源装置 | M35: =#REF! -> #REF! | N35: =IF(M35=0,"",CHOOSE(M35,"7","12","16","19","19","手入力箇所","手入力箇所","手入力箇所","手入力箇所","手入力箇所","手入力箇所","手入力箇所","手入力箇所","手入力箇所","手入力箇所")) -> #REF!
A36: 監視制御 装置 | B36: 21 | C36: 35 | D36: 48 | E36: 59 | F36: 94 | G36: 159 | H36: 235 | L36: 監視制御 装置 | M36: =#REF! -> #REF! | N36: =IF(M36=0,"",CHOOSE(M36,"21","35","48","59","59","94","94","94","94","94","159","159","159","159","159","159","159","159","159","159","235","235","235","235","235","235","235","235","235","235","手入力箇所","手入力箇所","手入力箇所","手入力箇所","手入力箇所","手入力箇所","手入力箇所","手入力箇所","手入力箇所","手入力箇所")) -> #REF!
A37: データ処理 設備 | B37: 22 | C37: 26 | D37: 28 | E37: 29 | F37: 34 | L37: データ処理 設備 | M37: =#REF! -> #REF! | N37: =IF(M37=0,"",CHOOSE(M37,"22","26","28","29","29","34","34","34","34","34","手入力箇所","手入力箇所","手入力箇所","手入力箇所","手入力箇所","手入力箇所","手入力箇所","手入力箇所","手入力箇所","手入力箇所")) -> #REF!
A38: 計装機器 | B38: 21 | C38: 33 | D38: 46 | E38: 56 | F38: 89 | G38: 151 | H38: 224 | I38: 289 | J38: 350 | L38: 計装機器 | M38: =#REF! -> #REF! | N38: =IF(M38=0,"",CHOOSE(M38,"21","33","46","56","56","89","89","89","89","89","151","151","151","151","151","151","151","151","151","151","224","224","224","224","224","224","224","224","224","224","289","289","289","289","289","289","289","289","289","289","350","350","350","350","350","350","350","350","350","350","350","手入力箇所","手入力箇所","手入力箇所","手入力箇所","手入力箇所","手入力箇所","手入力箇所","手入力箇所","手入力箇所","手入力箇所")) -> #REF!
A39: 遠隔監視 設備 | B39: 13 | C39: 33 | D39: 59 | L39: 遠隔監視 設備 | M39: =#REF! -> #REF! | N39: =IF(M39=0,"",CHOOSE(M39,"13","33","59","手入力箇所","手入力箇所","手入力箇所","手入力箇所","手入力箇所","手入力箇所","手入力箇所","手入力箇所","手入力箇所","手入力箇所")) -> #REF!
A40: 取水設備 | B40: 23 | C40: 39 | D40: 97 | L40: 取水設備 | M40: =#REF! -> #REF! | N40: =IF(M40=0,"",CHOOSE(M40,"23","39","97","手入力箇所","手入力箇所","手入力箇所","手入力箇所","手入力箇所","手入力箇所","手入力箇所","手入力箇所","手入力箇所","手入力箇所")) -> #REF!
A41: ポンプ設備 | B41: 21 | C41: 37 | D41: 58 | E41: 76 | F41: 137 | L41: ポンプ設備 | M41: =#REF! -> #REF! | N41: =IF(M41=0,"",CHOOSE(M41,"21","37","58","76","76","137","137","137","137","137","手入力箇所","手入力箇所","手入力箇所","手入力箇所","手入力箇所","手入力箇所","手入力箇所","手入力箇所","手入力箇所","手入力箇所")) -> #REF!
A42: 沈澱池設備 | B42: 48 | C42: 93 | D42: 138 | E42: 183 | L42: 沈澱池設備 | M42: =#REF! -> #REF! | N42: =IF(M42=0,"",CHOOSE(M42,"48","93","138","183","183","手入力箇所","手入力箇所","手入力箇所","手入力箇所","手入力箇所","手入力箇所","手入力箇所","手入力箇所","手入力箇所","手入力箇所")) -> #REF!
A43: 急速ろ過池 設備 | B43: 13 | C43: 26 | D43: 40 | E43: 55 | F43: 107 | G43: 224 | H43: 386 | L43: 急速ろ過池 設備 | M43: =#REF! -> #REF! | N43: =IF(M43=0,"",CHOOSE(M43,"13","26","40","55","55","107","107","107","107","107","224","224","224","224","224","224","224","224","224","224","386","386","386","386","386","386","386","386","386","386","手入力箇所","手入力箇所","手入力箇所","手入力箇所","手入力箇所","手入力箇所","手入力箇所","手入力箇所","手入力箇所","手入力箇所")) -> #REF!
A44: 膜ろ過設備 | B44: 36 | C44: 98 | D44: 173 | E44: 274 | L44: 膜ろ過設備 | M44: =#REF! -> #REF! | N44: =IF(M44=0,"",CHOOSE(M44,"36","98","173","274","274","手入力箇所","手入力箇所","手入力箇所","手入力箇所","手入力箇所","手入力箇所","手入力箇所","手入力箇所","手入力箇所","手入力箇所")) -> #REF!
A45: 排水・排泥 池設備 | B45: 127 | C45: 127 | D45: 127 | E45: 127 | L45: 排水・排泥 池設備 | M45: =#REF! -> #REF! | N45: =IF(M45=0,"",CHOOSE(M45,"127","127","127","127","127","手入力箇所","手入力箇所","手入力箇所","手入力箇所","手入力箇所","手入力箇所","手入力箇所","手入力箇所","手入力箇所","手入力箇所")) -> #REF!
A46: 加圧脱水 設備 | B46: 42 | C46: 90 | D46: 141 | E46: 193 | L46: 加圧脱水 設備 | M46: =#REF! -> #REF! | N46: =IF(M46=0,"",CHOOSE(M46,"42","90","141","193","1936","手入力箇所","手入力箇所","手入力箇所","手入力箇所","手入力箇所","手入力箇所","手入力箇所","手入力箇所","手入力箇所","手入力箇所")) -> #REF!
A47: 次亜塩素 酸ﾅﾄﾘｳﾑ 注入設備 | B47: 24 | C47: 43 | D47: 61 | E47: 76 | L47: 次亜塩素 酸ﾅﾄﾘｳﾑ 注入設備 | M47: =#REF! -> #REF! | N47: =IF(M47=0,"",CHOOSE(M47,"24","43","61","76","76","手入力箇所","手入力箇所","手入力箇所","手入力箇所","手入力箇所","手入力箇所","手入力箇所","手入力箇所","手入力箇所","手入力箇所")) -> #REF!
A48: 凝集剤注 入設備 | B48: 54 | C48: 77 | D48: 94 | E48: 107 | L48: 凝集剤注 入設備 | M48: =#REF! -> #REF! | N48: =IF(M48=0,"",CHOOSE(M48,"54","77","94","107","107","手入力箇所","手入力箇所","手入力箇所","手入力箇所","手入力箇所","手入力箇所","手入力箇所","手入力箇所","手入力箇所","手入力箇所")) -> #REF!
A49: 水酸化ﾅﾄﾘｳﾑ注入設備 | B49: 49 | C49: 53 | D49: 55 | E49: 56 | L49: 水酸化ﾅﾄﾘｳﾑ注入設備 | M49: =#REF! -> #REF! | N49: =IF(M49=0,"",CHOOSE(M49,"49","53","55","56","56","手入力箇所","手入力箇所","手入力箇所","手入力箇所","手入力箇所","手入力箇所","手入力箇所","手入力箇所","手入力箇所","手入力箇所")) -> #REF!
A50: 粉末活性炭注入設備 | B50: 232 | C50: 232 | L50: 粉末活性炭注入設備 | M50: =#REF! -> #REF! | N50: =IF(M50=0,"",CHOOSE(M50,"232","232","手入力箇所","手入力箇所","手入力箇所","手入力箇所","手入力箇所","手入力箇所","手入力箇所","手入力箇所","手入力箇所","手入力箇所")) -> #REF!
A51: 外灯 | B51: 6 | C51: 9 | D51: 11 | E51: 13 | F51: 18 | G51: 26 | H51: 35 | I51: 43 | J51: 49 | L51: 外灯 | M51: =#REF! -> #REF! | N51: =IF(M51=0,"",CHOOSE(M51,"6","9","11","13","13","18","18","18","18","18","26","26","26","26","26","26","26","26","26","26","35","35","35","35","35","35","35","35","35","35","43","43","43","43","43","43","43","43","43","43","49","49","49","49","49","49","49","49","49","49","手入力箇所","手入力箇所","手入力箇所","手入力箇所","手入力箇所","手入力箇所","手入力箇所","手入力箇所","手入力箇所","手入力箇所")) -> #REF!
A52: 照明 | B52: 6 | C52: 10 | D52: 14 | E52: 17 | F52: 29 | G52: 50 | H52: 76 | I52: 100 | J52: 123 | L52: 照明 | M52: =#REF! -> #REF! | N52: =IF(M52=0,"",CHOOSE(M52,"6","10","14","17","17","29","29","29","29","29","50","50","50","50","50","50","50","50","50","50","76","76","76","76","76","76","76","76","76","76","100","100","100","100","100","100","100","100","100","100","123","123","123","123","123","123","123","123","123","123","手入力箇所","手入力箇所","手入力箇所","手入力箇所","手入力箇所","手入力箇所","手入力箇所","手入力箇所","手入力箇所")) -> #REF!
A53: 空気 調和機 | B53: 9 | C53: 15 | D53: 20 | E53: 24 | F53: 39 | G53: 65 | L53: 空気 調和機 | M53: =#REF! -> #REF! | N53: =IF(M53=0,"",CHOOSE(M53,"9","15","20","24","24","39","39","39","39","39","65","65","65","65","65","65","65","65","65","65","手入力箇所","手入力箇所","手入力箇所","手入力箇所","手入力箇所","手入力箇所","手入力箇所","手入力箇所","手入力箇所","手入力箇所")) -> #REF!
A57: =#REF! -> #REF! | D57: 日常点検 所要時間計算表
B58: 1 | C58: 2 | D58: 3 | E58: ４・５ | F58: ６～１０ | G58: １１～２０ | H58: ２１～３０ | I58: ３１～４０ | J58: ４１～５０ | K58: ５２～ | L58: 設備名 | M58: 機器点数 | N58: 時間
A59: 受変電設備 | B59: 5 | C59: 7 | D59: 8 | E59: 8 | F59: 10 | G59: 13 | H59: 16 | L59: 受変電設備 | M59: =#REF! -> #REF! | N59: =IF(M59=0,"",CHOOSE(M59,"5","7","8","8","8","10","10","10","10","10","13","13","13","13","13","13","13","13","13","13","16","16","16","16","16","16","16","16","16","16","16","手入力箇所","手入力箇所","手入力箇所","手入力箇所","手入力箇所","手入力箇所","手入力箇所","手入力箇所","手入力箇所","手入力箇所")) -> #REF!
A60: 配電設備 | B60: 5 | C60: 7 | D60: 8 | E60: 9 | F60: 12 | G60: 16 | L60: 配電設備 | M60: =#REF! -> #REF! | N60: =IF(M60=0,"",CHOOSE(M60,"5","7","8","9","9","12","12","12","12","12","16","16","16","16","16","16","16","16","16","16","手入力箇所","手入力箇所","手入力箇所","手入力箇所","手入力箇所","手入力箇所","手入力箇所","手入力箇所","手入力箇所","手入力箇所")) -> #REF!
A61: 自家用発電 設備（高圧） | B61: 6 | L61: 自家用発電 設備（高圧） | M61: =#REF! -> #REF! | N61: =IF(M61=0,"",CHOOSE(M61,"6","手入力箇所","手入力箇所","手入力箇所","手入力箇所","手入力箇所","手入力箇所","手入力箇所","手入力箇所","手入力箇所","手入力箇所","","")) -> #REF!
A62: 自家用発電 設備（低圧） | B62: 6 | L62: 自家用発電 設備（低圧） | M62: =#REF! -> #REF! | N62: =IF(M62=0,"",CHOOSE(M62,"6","手入力箇所","手入力箇所","手入力箇所","手入力箇所","手入力箇所","手入力箇所","手入力箇所","手入力箇所","手入力箇所","手入力箇所","","")) -> #REF!
A63: 直流電源 装置 | B63: 5 | C63: 7 | D63: 8 | E63: 9 | F63: 12 | L63: 直流電源 装置 | M63: =#REF! -> #REF! | N63: =IF(M63=0,"",CHOOSE(M63,"5","7","8","9","9","12","12","12","12","12","手入力箇所","手入力箇所","手入力箇所","手入力箇所","手入力箇所","手入力箇所","手入力箇所","手入力箇所","手入力箇所","手入力箇所")) -> #REF!
A64: 小型無停電 電源装置 | B64: 4 | C64: 5 | D64: 5 | E64: 6 | L64: 小型無停電 電源装置 | M64: =#REF! -> #REF! | N64: =IF(M64=0,"",CHOOSE(M64,"4","5","5","6","6","手入力箇所","手入力箇所","手入力箇所","手入力箇所","手入力箇所","手入力箇所","手入力箇所","手入力箇所","手入力箇所","手入力箇所")) -> #REF!
A65: 監視制御 装置 | B65: 12 | C65: 12 | D65: 12 | E65: 12 | F65: 12 | G65: 12 | H65: 12 | L65: 監視制御 装置 | M65: =#REF! -> #REF! | N65: =IF(M65=0,"",CHOOSE(M65,"12","12","12","12","12","12","12","12","12","12","12","12","12","12","12","12","12","12","12","12","12","12","12","12","12","12","12","12","12","12","手入力箇所","手入力箇所","手入力箇所","手入力箇所","手入力箇所","手入力箇所","手入力箇所","手入力箇所","手入力箇所","手入力箇所")) -> #REF!
A66: データ処理 設備 | B66: 7 | C66: 7 | D66: 7 | E66: 7 | F66: 7 | L66: データ処理 設備 | M66: =#REF! -> #REF! | N66: =IF(M66=0,"",CHOOSE(M66,"7","7","7","7","7","7","7","7","7","7","手入力箇所","手入力箇所","手入力箇所","手入力箇所","手入力箇所","手入力箇所","手入力箇所","手入力箇所","手入力箇所","手入力箇所")) -> #REF!
A67: 計装機器 | B67: 4 | C67: 5 | D67: 7 | E67: 8 | F67: 11 | G67: 16 | H67: 22 | I67: 26 | J67: 31 | L67: 計装機器 | M67: =#REF! -> #REF! | N67: =IF(M67=0,"",CHOOSE(M67,"4","5","7","8","8","11","11","11","11","11","16","16","16","16","16","16","16","16","16","16","22","22","22","22","22","22","22","22","22","22","26","26","26","26","26","26","26","26","26","26","31","31","31","31","31","31","31","31","31","31","31","手入力箇所","手入力箇所","手入力箇所","手入力箇所","手入力箇所","手入力箇所","手入力箇所","手入力箇所","手入力箇所","手入力箇所")) -> #REF!
A68: 遠隔監視 設備 | B68: 5 | C68: 6 | D68: 7 | L68: 遠隔監視 設備 | M68: =#REF! -> #REF! | N68: =IF(M68=0,"",CHOOSE(M68,"5","6","7","手入力箇所","手入力箇所","手入力箇所","手入力箇所","手入力箇所","手入力箇所","手入力箇所","手入力箇所","手入力箇所","手入力箇所")) -> #REF!
A69: 取水設備 | B69: 3 | C69: 6 | D69: 19 | L69: 取水設備 | M69: =#REF! -> #REF! | N69: =IF(M69=0,"",CHOOSE(M69,"3","6","19","手入力箇所","手入力箇所","手入力箇所","手入力箇所","手入力箇所","手入力箇所","手入力箇所","手入力箇所","手入力箇所","手入力箇所")) -> #REF!
A70: ポンプ設備 | B70: 1 | C70: 3 | D70: 5 | E70: 9 | F70: 26 | L70: ポンプ設備 | M70: =#REF! -> #REF! | N70: =IF(M70=0,"",CHOOSE(M70,"1","3","5","9","9","26","26","26","26","26","手入力箇所","手入力箇所","手入力箇所","手入力箇所","手入力箇所","手入力箇所","手入力箇所","手入力箇所","手入力箇所","手入力箇所")) -> #REF!
A71: 沈澱池設備 | B71: 4 | C71: 11 | D71: 20 | E71: 33 | L71: 沈澱池設備 | M71: =#REF! -> #REF! | N71: =IF(M71=0,"",CHOOSE(M71,"4","11","20","33","33","手入力箇所","手入力箇所","手入力箇所","手入力箇所","手入力箇所","手入力箇所","手入力箇所","手入力箇所","手入力箇所","手入力箇所")) -> #REF!
A72: 急速ろ過池 設備 | B72: 4 | C72: 6 | D72: 8 | E72: 10 | F72: 15 | G72: 23 | H72: 33 | L72: 急速ろ過池 設備 | M72: =#REF! -> #REF! | N72: =IF(M72=0,"",CHOOSE(M72,"4","6","8","10","10","15","15","15","15","15","23","23","23","23","23","23","23","23","23","23","33","33","33","33","33","33","33","33","33","33","手入力箇所","手入力箇所","手入力箇所","手入力箇所","手入力箇所","手入力箇所","手入力箇所","手入力箇所","手入力箇所","手入力箇所")) -> #REF!
A73: 膜ろ過設備 | B73: 6 | C73: 14 | D73: 25 | E73: 39 | L73: 膜ろ過設備 | M73: =#REF! -> #REF! | N73: =IF(M73=0,"",CHOOSE(M73,"6","14","25","39","39","手入力箇所","手入力箇所","手入力箇所","手入力箇所","手入力箇所","手入力箇所","手入力箇所","手入力箇所","手入力箇所","手入力箇所")) -> #REF!
A74: 排水・排泥 池設備 | B74: 2 | C74: 3 | D74: 6 | E74: 9 | L74: 排水・排泥 池設備 | M74: =#REF! -> #REF! | N74: =IF(M74=0,"",CHOOSE(M74,"2","3","6","9","9","手入力箇所","手入力箇所","手入力箇所","手入力箇所","手入力箇所","手入力箇所","手入力箇所","手入力箇所","手入力箇所","手入力箇所")) -> #REF!
A75: 加圧脱水 設備 | B75: 12 | C75: 18 | D75: 22 | E75: 26 | L75: 加圧脱水 設備 | M75: =#REF! -> #REF! | N75: =IF(M75=0,"",CHOOSE(M75,"12","18","22","26","26","手入力箇所","手入力箇所","手入力箇所","手入力箇所","手入力箇所","手入力箇所","手入力箇所","手入力箇所","手入力箇所","手入力箇所")) -> #REF!
A76: 次亜塩素 酸ﾅﾄﾘｳﾑ 注入設備 | B76: 5 | C76: 8 | D76: 11 | E76: 14 | L76: 次亜塩素 酸ﾅﾄﾘｳﾑ 注入設備 | M76: =#REF! -> #REF! | N76: =IF(M76=0,"",CHOOSE(M76,"5","8","11","14","14","手入力箇所","手入力箇所","手入力箇所","手入力箇所","手入力箇所","手入力箇所","手入力箇所","手入力箇所","手入力箇所","手入力箇所")) -> #REF!
A77: 凝集剤注 入設備 | B77: 6 | C77: 11 | D77: 16 | E77: 21 | L77: 凝集剤注 入設備 | M77: =#REF! -> #REF! | N77: =IF(M77=0,"",CHOOSE(M77,"6","11","16","21","21","手入力箇所","手入力箇所","手入力箇所","手入力箇所","手入力箇所","手入力箇所","手入力箇所","手入力箇所","手入力箇所")) -> #REF!
A78: 水酸化ﾅﾄﾘｳﾑ注入設備 | B78: 5 | C78: 7 | D78: 9 | E78: 10 | L78: 水酸化ﾅﾄﾘｳﾑ注入設備 | M78: =#REF! -> #REF! | N78: =IF(M78=0,"",CHOOSE(M78,"5","7","9","10","10","手入力箇所","手入力箇所","手入力箇所","手入力箇所","手入力箇所","手入力箇所","手入力箇所","手入力箇所","手入力箇所")) -> #REF!
A79: 粉末活性炭注入設備 | B79: 9 | C79: 14 | L79: 粉末活性炭注入設備 | M79: =#REF! -> #REF! | N79: =IF(M79=0,"",CHOOSE(M79,"9","14","手入力箇所","手入力箇所","手入力箇所","手入力箇所","手入力箇所","手入力箇所","手入力箇所","手入力箇所","手入力箇所","手入力箇所")) -> #REF!
A80: 外灯 | B80: 3 | C80: 4 | D80: 4 | E80: 5 | F80: 6 | G80: 8 | H80: 9 | I80: 11 | J80: 12 | L80: 外灯 | M80: =#REF! -> #REF! | N80: =IF(M80=0,"",CHOOSE(M80,"3","4","4","5","5","6","6","6","6","6","8","8","8","8","8","8","8","8","8","8","9","9","9","9","9","9","9","9","9","9","11","11","11","11","11","11","11","11","11","11","12","12","12","12","12","12","12","12","12","12","12","手入力箇所","手入力箇所","手入力箇所","手入力箇所","手入力箇所","手入力箇所","手入力箇所","手入力箇所","手入力箇所","手入力箇所")) -> #REF!
A81: 照明 | B81: 3 | C81: 4 | D81: 4 | E81: 5 | F81: 6 | G81: 8 | H81: 10 | I81: 12 | J81: 13 | L81: 照明 | M81: =#REF! -> #REF! | N81: =IF(M81=0,"",CHOOSE(M81,"3","4","4","5","5","6","6","6","6","6","8","8","8","8","8","8","8","8","8","8","10","10","10","10","10","10","10","10","10","10","12","12","12","12","12","12","12","12","12","12","13","13","13","13","13","13","13","13","13","13","13","手入力箇所","手入力箇所","手入力箇所","手入力箇所","手入力箇所","手入力箇所","手入力箇所","手入力箇所","手入力箇所","手入力箇所")) -> #REF!
A82: 空気 調和機 | B82: 1 | C82: 2 | D82: 3 | E82: 4 | F82: 8 | G82: 19 | L82: 空気 調和機 | M82: =#REF! -> #REF! | N82: =IF(M82=0,"",CHOOSE(M82,"1","2","3","4","4","8","8","8","8","8","19","19","19","19","19","19","19","19","19","19","手入力箇所","手入力箇所","手入力箇所","手入力箇所","手入力箇所","手入力箇所","手入力箇所","手入力箇所","手入力箇所","手入力箇所")) -> #REF!
A84: =A57 -> #REF! | D84: 定期点検 所要時間計算表
B85: 1 | C85: 2 | D85: 3 | E85: ４・５ | F85: ６～１０ | G85: １１～２０ | H85: ２１～３０ | I85: ３１～４０ | J85: ４１～５０ | K85: ５２～ | L85: 設備名 | M85: 機器点数 | N85: 時間
A86: 受変電設備 | B86: 16 | C86: 25 | D86: 32 | E86: 38 | F86: 56 | G86: 87 | H86: 121 | L86: 受変電設備 | M86: =#REF! -> #REF! | N86: =IF(M86=0,"",CHOOSE(M86,"16","25","32","38","38","56","56","56","56","56","87","87","87","87","87","87","87","87","87","87","121","121","121","121","121","121","121","121","121","121","手入力箇所","手入力箇所","手入力箇所","手入力箇所","手入力箇所","手入力箇所","手入力箇所","手入力箇所","手入力箇所","手入力箇所")) -> #REF!
A87: 配電設備 | B87: 25 | C87: 33 | D87: 40 | E87: 45 | F87: 58 | G87: 79 | L87: 配電設備 | M87: =#REF! -> #REF! | N87: =IF(M87=0,"",CHOOSE(M87,"25","33","40","45","45","58","58","58","58","58","79","79","79","79","79","79","79","79","79","79","手入力箇所","手入力箇所","手入力箇所","手入力箇所","手入力箇所","手入力箇所","手入力箇所","手入力箇所","手入力箇所","手入力箇所")) -> #REF!
A88: 自家用発電 設備（高圧） | B88: 32 | L88: 自家用発電 設備（高圧） | M88: =#REF! -> #REF! | N88: =IF(M88=0,"",CHOOSE(M88,"32","手入力箇所","手入力箇所","手入力箇所","手入力箇所","手入力箇所","手入力箇所","手入力箇所","手入力箇所","手入力箇所","手入力箇所")) -> #REF!
A89: 自家用発電 設備（低圧） | B89: 36 | L89: 自家用発電 設備（低圧） | M89: =#REF! -> #REF! | N89: =IF(M89=0,"",CHOOSE(M89,"36","手入力箇所","手入力箇所","手入力箇所","手入力箇所","手入力箇所","手入力箇所","手入力箇所","手入力箇所","手入力箇所","手入力箇所")) -> #REF!
A90: 直流電源 装置 | B90: 24 | C90: 30 | D90: 33 | E90: 35 | F90: 42 | L90: 直流電源 装置 | M90: =#REF! -> #REF! | N90: =IF(M90=0,"",CHOOSE(M90,"24","30","33","35","35","42","42","42","42","42","手入力箇所","手入力箇所","手入力箇所","手入力箇所","手入力箇所","手入力箇所","手入力箇所","手入力箇所","手入力箇所","手入力箇所")) -> #REF!
A91: 小型無停電 電源装置 | B91: 7 | C91: 12 | D91: 16 | E91: 19 | L91: 小型無停電 電源装置 | M91: =#REF! -> #REF! | N91: =IF(M91=0,"",CHOOSE(M91,"7","12","16","19","19","手入力箇所","手入力箇所","手入力箇所","手入力箇所","手入力箇所","手入力箇所","手入力箇所","手入力箇所","手入力箇所","手入力箇所")) -> #REF!
A92: 監視制御 装置 | B92: 21 | C92: 35 | D92: 48 | E92: 59 | F92: 94 | G92: 159 | H92: 235 | L92: 監視制御 装置 | M92: =#REF! -> #REF! | N92: =IF(M92=0,"",CHOOSE(M92,"21","35","48","59","59","94","94","94","94","94","159","159","159","159","159","159","159","159","159","159","235","235","235","235","235","235","235","235","235","235","手入力箇所","手入力箇所","手入力箇所","手入力箇所","手入力箇所","手入力箇所","手入力箇所","手入力箇所","手入力箇所","手入力箇所")) -> #REF!
A93: データ処理 設備 | B93: 22 | C93: 26 | D93: 28 | E93: 29 | F93: 34 | L93: データ処理 設備 | M93: =#REF! -> #REF! | N93: =IF(M93=0,"",CHOOSE(M93,"22","26","28","29","29","34","34","34","34","34","手入力箇所","手入力箇所","手入力箇所","手入力箇所","手入力箇所","手入力箇所","手入力箇所","手入力箇所","手入力箇所","手入力箇所")) -> #REF!
A94: 計装機器 | B94: 21 | C94: 33 | D94: 46 | E94: 56 | F94: 89 | G94: 151 | H94: 224 | I94: 289 | J94: 350 | L94: 計装機器 | M94: =#REF! -> #REF! | N94: =IF(M94=0,"",CHOOSE(M94,"21","33","46","56","56","89","89","89","89","89","151","151","151","151","151","151","151","151","151","151","224","224","224","224","224","224","224","224","224","224","289","289","289","289","289","289","289","289","289","289","350","350","350","350","350","350","350","350","350","350","350","手入力箇所","手入力箇所","手入力箇所","手入力箇所","手入力箇所","手入力箇所","手入力箇所","手入力箇所","手入力箇所","手入力箇所")) -> #REF!
A95: 遠隔監視 設備 | B95: 13 | C95: 33 | D95: 59 | L95: 遠隔監視 設備 | M95: =#REF! -> #REF! | N95: =IF(M95=0,"",CHOOSE(M95,"13","33","59","手入力箇所","手入力箇所","手入力箇所","手入力箇所","手入力箇所","手入力箇所","手入力箇所","手入力箇所","手入力箇所","手入力箇所")) -> #REF!
A96: 取水設備 | B96: 23 | C96: 39 | D96: 97 | L96: 取水設備 | M96: =#REF! -> #REF! | N96: =IF(M96=0,"",CHOOSE(M96,"23","39","97","手入力箇所","手入力箇所","手入力箇所","手入力箇所","手入力箇所","手入力箇所","手入力箇所","手入力箇所","手入力箇所","手入力箇所")) -> #REF!
A97: ポンプ設備 | B97: 21 | C97: 37 | D97: 58 | E97: 76 | F97: 137 | L97: ポンプ設備 | M97: =#REF! -> #REF! | N97: =IF(M97=0,"",CHOOSE(M97,"21","37","58","76","76","137","137","137","137","137","手入力箇所","手入力箇所","手入力箇所","手入力箇所","手入力箇所","手入力箇所","手入力箇所","手入力箇所","手入力箇所","手入力箇所")) -> #REF!
A98: 沈澱池設備 | B98: 48 | C98: 93 | D98: 138 | E98: 183 | L98: 沈澱池設備 | M98: =#REF! -> #REF! | N98: =IF(M98=0,"",CHOOSE(M98,"48","93","138","183","183","手入力箇所","手入力箇所","手入力箇所","手入力箇所","手入力箇所","手入力箇所","手入力箇所","手入力箇所","手入力箇所","手入力箇所")) -> #REF!
A99: 急速ろ過池 設備 | B99: 13 | C99: 26 | D99: 40 | E99: 55 | F99: 107 | G99: 224 | H99: 386 | L99: 急速ろ過池 設備 | M99: =#REF! -> #REF! | N99: =IF(M99=0,"",CHOOSE(M99,"13","26","40","55","55","107","107","107","107","107","224","224","224","224","224","224","224","224","224","224","386","386","386","386","386","386","386","386","386","386","手入力箇所","手入力箇所","手入力箇所","手入力箇所","手入力箇所","手入力箇所","手入力箇所","手入力箇所","手入力箇所","手入力箇所")) -> #REF!
A100: 膜ろ過設備 | B100: 36 | C100: 98 | D100: 173 | E100: 274 | L100: 膜ろ過設備 | M100: =#REF! -> #REF! | N100: =IF(M100=0,"",CHOOSE(M100,"36","98","173","274","274","手入力箇所","手入力箇所","手入力箇所","手入力箇所","手入力箇所","手入力箇所","手入力箇所","手入力箇所","手入力箇所","手入力箇所")) -> #REF!
A101: 排水・排泥 池設備 | B101: 127 | C101: 127 | D101: 127 | E101: 127 | L101: 排水・排泥 池設備 | M101: =#REF! -> #REF! | N101: =IF(M101=0,"",CHOOSE(M101,"127","127","127","127","127","手入力箇所","手入力箇所","手入力箇所","手入力箇所","手入力箇所","手入力箇所","手入力箇所","手入力箇所","手入力箇所","手入力箇所")) -> #REF!
A102: 加圧脱水 設備 | B102: 42 | C102: 90 | D102: 141 | E102: 193 | L102: 加圧脱水 設備 | M102: =#REF! -> #REF! | N102: =IF(M102=0,"",CHOOSE(M102,"42","90","141","193","1936","手入力箇所","手入力箇所","手入力箇所","手入力箇所","手入力箇所","手入力箇所","手入力箇所","手入力箇所","手入力箇所","手入力箇所")) -> #REF!
A103: 次亜塩素 酸ﾅﾄﾘｳﾑ 注入設備 | B103: 24 | C103: 43 | D103: 61 | E103: 76 | L103: 次亜塩素 酸ﾅﾄﾘｳﾑ 注入設備 | M103: =#REF! -> #REF! | N103: =IF(M103=0,"",CHOOSE(M103,"24","43","61","76","76","手入力箇所","手入力箇所","手入力箇所","手入力箇所","手入力箇所","手入力箇所","手入力箇所","手入力箇所","手入力箇所","手入力箇所")) -> #REF!
A104: 凝集剤注 入設備 | B104: 54 | C104: 77 | D104: 94 | E104: 107 | L104: 凝集剤注 入設備 | M104: =#REF! -> #REF! | N104: =IF(M104=0,"",CHOOSE(M104,"54","77","94","107","107","手入力箇所","手入力箇所","手入力箇所","手入力箇所","手入力箇所","手入力箇所","手入力箇所","手入力箇所","手入力箇所","手入力箇所")) -> #REF!
A105: 水酸化ﾅﾄﾘｳﾑ注入設備 | B105: 49 | C105: 53 | D105: 55 | E105: 56 | L105: 水酸化ﾅﾄﾘｳﾑ注入設備 | M105: =#REF! -> #REF! | N105: =IF(M105=0,"",CHOOSE(M105,"49","53","55","56","56","手入力箇所","手入力箇所","手入力箇所","手入力箇所","手入力箇所","手入力箇所","手入力箇所","手入力箇所","手入力箇所","手入力箇所")) -> #REF!
...

Sheet 代価表(2)
B18: 第５号代価表 | C18: 修 繕 補 修 費
B19: 種 目 | C19: 形状・寸法 | D19: 単位 | E19: 数量 | G19: 単 価 | I19: 金 額 | K19: 摘 要
B20: =入力シート２!B41 -> 0 | D20: =入力シート２!E41 -> 0 | E20: =入力シート２!F41 -> 0 | I20: =入力シート２!G41 -> 0
B21: =入力シート２!B42 -> 0 | D21: =入力シート２!E42 -> 0 | E21: =入力シート２!F42 -> 0 | I21: =入力シート２!G42 -> 0
B22: =入力シート２!B43 -> 0 | D22: =入力シート２!E43 -> 0 | E22: =入力シート２!F43 -> 0 | I22: =入力シート２!G43 -> 0
B23: =入力シート２!B44 -> 0 | D23: =入力シート２!E44 -> 0 | E23: =入力シート２!F44 -> 0 | I23: =入力シート２!G44 -> 0
B25: 計 | I25: =SUM(I20:I24) -> 0
G26: 改め | I26: =ROUNDDOWN(I25,-3) -> 0
B29: 第６号代価表 | C29: 薬 品 等 調 達 費
B30: 種 目 | C30: 形状・寸法 | D30: 単位 | E30: 数量 | G30: 単 価 | I30: 金 額 | K30: 摘 要
B31: =入力シート２!B85 -> 0 | D31: =入力シート２!E85 -> 0 | E31: =入力シート２!F85 -> 0 | G31: =入力シート２!G85 -> 0 | I31: =入力シート２!I85 -> 0
B32: =入力シート２!B86 -> 0 | D32: =入力シート２!E86 -> 0 | E32: =入力シート２!F86 -> 0 | G32: =入力シート２!G86 -> 0 | I32: =入力シート２!I86 -> 0
B33: =入力シート２!B87 -> 0 | D33: =入力シート２!E87 -> 0 | E33: =入力シート２!F87 -> 0 | G33: =入力シート２!G87 -> 0 | I33: =入力シート２!I87 -> 0
B34: =入力シート２!B88 -> 0 | D34: =入力シート２!E88 -> 0 | E34: =入力シート２!F88 -> 0 | G34: =入力シート２!G88 -> 0 | I34: =入力シート２!I88 -> 0
B35: =入力シート２!B89 -> 0 | D35: =入力シート２!E89 -> 0 | E35: =入力シート２!F89 -> 0 | G35: =入力シート２!G89 -> 0 | I35: =入力シート２!I89 -> 0
B36: =入力シート２!B90 -> 0 | C36: 0 | D36: =入力シート２!E90 -> 0 | E36: =入力シート２!F90 -> 0 | G36: =入力シート２!G90 -> 0 | I36: =入力シート２!I90 -> 0 | K36: 0
B37: =入力シート２!B91 -> 0 | C37: 0 | D37: =入力シート２!E91 -> 0 | E37: =入力シート２!F91 -> 0 | G37: =入力シート２!G91 -> 0 | I37: =入力シート２!I91 -> 0 | K37: 0
B38: =入力シート２!B92 -> 0 | C38: 0 | D38: =入力シート２!E92 -> 0 | E38: =入力シート２!F92 -> 0 | G38: =入力シート２!G92 -> 0 | I38: =入力シート２!I92 -> 0 | K38: 0
B39: 計 | I39: =SUM(I31:I35) -> 0
B41: 第７号代価表 | C41: 関 連 業 務 委 託 費
B42: 種 目 | C42: 形状・寸法 | D42: 単位 | E42: 数量 | G42: 単 価 | I42: 金 額 | K42: 摘 要
B43: =入力シート２!B98 -> 0 | D43: =入力シート２!E98 -> 0 | E43: =入力シート２!F98 -> 0 | I43: =入力シート２!G98 -> 0
B44: =入力シート２!B99 -> 0 | D44: =入力シート２!E99 -> 0 | E44: =入力シート２!F99 -> 0 | I44: =入力シート２!G99 -> 0
B45: =入力シート２!B100 -> 0 | C45: 0 | D45: =入力シート２!E100 -> 0 | E45: =入力シート２!F100 -> 0 | G45: 0 | I45: =入力シート２!G100 -> 0 | K45: 0
B46: =入力シート２!B101 -> 0 | C46: 0 | D46: =入力シート２!E101 -> 0 | E46: =入力シート２!F101 -> 0 | G46: 0 | I46: =入力シート２!G101 -> 0 | K46: 0
B47: 0 | C47: 0 | D47: 0 | E47: 0 | G47: 0 | I47: 0 | K47: 0
B48: 計 | I48: =SUM(I43:I47) -> 0
G49: 改め | I49: =ROUNDDOWN(I48,-4) -> 0
